 Dungeon Crawl Stone Soup version 0.27.1-4-g1640c2035a (webtiles) character file.

Game seed: 865937756317755688

10918471 Turgor the Infernalist (level 27, 224/224 HPs)
             Began as an Octopode Fire Elementalist on Nov 9, 2021.
             Was an Initiate of Gozag.
             Escaped with the Orb
             ... and 15 runes on Nov 15, 2021!
             The game lasted 1 day 06:37:59 (160465 turns).

Turgor the Infernalist (OpFE)                 Turns: 160465, Time: 1 , 06:37:59

Health: 224/224    AC: 26    Str: 13    XL:     27
Magic:  63/73      EV: 48    Int: 50    God:    Gozag
Gold:   2618       SH: 38    Dex: 30    Spells: 0/80 levels left

rFire    + + +     SeeInvis +   e - +3 Elemental Staff {rElec rF++ rC++ Will++ AC+5}
rCold    + + +     Faith    .   G - +8 tower shield {AC+3}
rNeg     + + +     Spirit   .   T - +3 hat of Pondering {ponderous, Will+ MP+10 Int+5}
rPois    ∞         Reflect  .   d - amulet "Waoskae Zeett" {RegenMP Contam Int+8}
rElec    +         Harm     .   g - ring of the Morning {EV+4 Str+3 Int-2 Dex+7 SInv}
rCorr    .         Rampage  .   j - ring of Dynnugg {rPois rF+ Int+3 Dex+6}
Will     +++++     Clarity  +   C - ring "Isess" {rC++ rN+ Int+3}
Stlth    ++++......             v - ring "Vuyrch Awya" {rC+ AC+4}
HPRegen  0.47/turn              X - ring of Qeto {rPois Will+++ MP+9 Str-2}
MPRegen  0.68/turn              Y - ring of fire
                                K - ring "Uzidd" {AC+4 Str+4}
                                L - ring of Hohaigew {Int+6 SInv Stlth+}

@: lich-form, gold aura, studying 7 skills, bribing [the Dungeon, the Vaults,
the Depths], slow
A: draining attack, torment immunity, no potions, almost no armour, amphibious,
8 rings, camouflage 1, gelatinous body 1, (nimble swimmer 1), tentacles, large
bone plates 1, agile 1, clarity
0: Orb of Zot
}: 15/15 runes: decaying, slimy, silver, golden, iron, obsidian, icy, bone,
abyssal, demonic, glowing, magical, fiery, dark, gossamer
a: End Transformation, Renounce Religion, Potion Petition, Call Merchant, Bribe
Branch


You escaped.
You worshipped Gozag.
Gozag was most pleased with you.
You were an undead lich.
You visited 17 branches of the dungeon, and saw 89 of its levels.
You visited Pandemonium 4 times, and saw 13 of its levels.
You visited the Abyss 13 times.
You completed 3 ziggurats, and saw 81 of their levels.
You also visited: Trove, Sewer and Ice Cave.

You collected 115391 gold pieces.
You spent 12429 gold pieces at shops.
You paid 100344 gold pieces to Gozag.

Inventory:

Hand Weapons
 e - the +3 Elemental Staff (weapon) {rElec rF++ rC++ Will++ AC+5}
   (You found it in a treasure trove)

   If the wielder is skilled in Evocations, they can discharge powerful blasts
   of elemental energy when striking with it.
   It enhances your fire, ice, earth and air magic.
   AC:        It affects your AC (+5).
   rF:        It greatly protects you from fire.
   rC:        It greatly protects you from cold.
   rElec:     It insulates you from electricity.
   Will:      It greatly increases your willpower.
 B - the +8 mithril axe "Arga" {speed, Will+}
   (You found it on level 5 of the Pits of Slime)

   Attacks with this weapon are significantly faster.
   Will:      It increases your willpower.
Missiles
 E - 190 silver javelins (quivered)
Armour
 G - a +8 tower shield of protection (worn)
 T - the +3 hat of Pondering (worn) {ponderous, Will+ MP+10 Int+5}
   (You bought it in a shop on level 5 of the Depths)

   Int:       It affects your intelligence (+5).
   MP:        It affects your magic capacity (+10).
   Will:      It increases your willpower.
Jewellery
 d - the amulet "Waoskae Zeett" (around mantle) {RegenMP Contam Int+8}
   (You found it in Pandemonium)

   [amulet of magic regeneration]

   It increases your rate of magic regeneration.
   Int:       It affects your intelligence (+8).
   Contam:    It causes magical contamination when unequipped.
 f - the ring "Ymnob" {rPois Will- MP+9 Dex+5 Slay+4}
   (You found it on level 3 of the Tomb of the Ancients)

   [ring of slaying]

   Dex:       It affects your dexterity (+5).
   Slay:      It affects your accuracy & damage with ranged weapons and melee
   (+4).
   rPois:     It protects you from poison.
   MP:        It affects your magic capacity (+9).
   Will:      It decreases your willpower.
 g - the ring of the Morning (left tentacle) {EV+4 Str+3 Int-2 Dex+7 SInv}
   (You bought it in a shop on level 2 of the Vaults)

   [ring of evasion]

   EV:        It affects your evasion (+4).
   Str:       It affects your strength (+3).
   Int:       It affects your intelligence (-2).
   Dex:       It affects your dexterity (+7).
   SInv:      It lets you see invisible.
 j - the ring of Dynnugg (right tentacle) {rPois rF+ Int+3 Dex+6}
   (You found it on level 3 of a ziggurat)

   [ring of dexterity]

   Int:       It affects your intelligence (+3).
   Dex:       It affects your dexterity (+6).
   rF:        It protects you from fire.
   rPois:     It protects you from poison.
 l - the ring of the Original Sin {+Blink rElec rC+ Will++}
   (You acquired it on level 4 of the Depths)

   [ring of protection from cold]

   rC:        It protects you from cold.
   rElec:     It insulates you from electricity.
   +Blink:    It lets you blink.
   Will:      It greatly increases your willpower.
 o - the ring of Lales {rCorr Int+3}
   (You found it on level 18 of a ziggurat)

   [ring of resist corrosion]

   Int:       It affects your intelligence (+3).
   rCorr:     It protects you from acid and corrosion.
 p - the ring of Shadows {Umbra +Inv Stlth+}
   (You found it on level 23 of a ziggurat)

   [ring of stealth]

   It surrounds you with an aura of shadow, increasing your stealth and reducing
   the accuracy of all within it (including the wearer).
   +Inv:      It lets you turn invisible.
   Stlth:     It makes you more stealthy.
 v - the ring "Vuyrch Awya" (on tentacle) {rC+ AC+4}
   (You found it on level 11 of a ziggurat)

   [ring of protection]

   AC:        It affects your AC (+4).
   rC:        It protects you from cold.
 x - the ring "Ciyges" {Slay+5 SInv}
   (You found it on level 21 of a ziggurat)

   [ring of see invisible]

   Slay:      It affects your accuracy & damage with ranged weapons and melee
   (+5).
   SInv:      It lets you see invisible.
 y - the ring of Spring {rElec rN+ rCorr SInv}
   (You found it on level 19 of a ziggurat)

   [ring of resist corrosion]

   rElec:     It insulates you from electricity.
   rN:        It protects you from negative energy.
   SInv:      It lets you see invisible.
   rCorr:     It protects you from acid and corrosion.
 z - the ring of Gamuno {rElec rF+ rCorr Str+5 Dex+3}
   (You found it on level 27 of a ziggurat)

   [ring of protection from fire]

   Str:       It affects your strength (+5).
   Dex:       It affects your dexterity (+3).
   rF:        It protects you from fire.
   rElec:     It insulates you from electricity.
   rCorr:     It protects you from acid and corrosion.
 C - the ring "Isess" (on tentacle) {rC++ rN+ Int+3}
   (You bought it in a shop on level 2 of the Vaults)

   [ring of positive energy]

   Int:       It affects your intelligence (+3).
   rC:        It greatly protects you from cold.
   rN:        It protects you from negative energy.
 F - the ring of Compulsion {Wiz rElec Slay+5 SInv Stlth-}
   (You found it on level 26 of a ziggurat)

   [ring of wizardry]

   It improves your spell success rate.
   Slay:      It affects your accuracy & damage with ranged weapons and melee
   (+5).
   rElec:     It insulates you from electricity.
   SInv:      It lets you see invisible.
   Stlth:     It makes you less stealthy.
 I - a +4 ring of protection
 K - the ring "Uzidd" (on tentacle) {AC+4 Str+4}
   (You found it on level 25 of a ziggurat)

   [ring of protection]

   AC:        It affects your AC (+4).
   Str:       It affects your strength (+4).
 L - the ring of Hohaigew (on tentacle) {Int+6 SInv Stlth+}
   (You found it on level 20 of a ziggurat)

   [ring of see invisible]

   Int:       It affects your intelligence (+6).
   SInv:      It lets you see invisible.
   Stlth:     It makes you more stealthy.
 Q - the ring of Yfuxte {Fly rElec rN+ Slay+3}
   (You found it on level 24 of a ziggurat)

   [ring of flight]

   Slay:      It affects your accuracy & damage with ranged weapons and melee
   (+3).
   rElec:     It insulates you from electricity.
   rN:        It protects you from negative energy.
   Fly:       It grants you flight.
 X - the ring of Qeto (on tentacle) {rPois Will+++ MP+9 Str-2}
   (You acquired it on level 2 of the Orcish Mines)

   [ring of magical power]

   Str:       It affects your strength (-2).
   rPois:     It protects you from poison.
   MP:        It affects your magic capacity (+9).
   Will:      It greatly increases your willpower.
 Y - a ring of fire (on tentacle)
Wands
 h - a wand of acid (58)
 D - a wand of digging (43)
Scrolls
 b - 24 scrolls of magic mapping
 t - 46 scrolls of fog
 w - 92 scrolls of teleportation
 N - 21 scrolls of amnesia
 P - 11 scrolls of fear
 S - 4 scrolls of summoning
 V - 13 scrolls of holy word
 W - 8 scrolls of blinking
Potions
 a - 56 potions of mutation
 c - 12 potions of heal wounds
 i - 2 potions of flight
 m - 29 potions of curing
 n - 22 potions of might
 q - 17 potions of magic
 s - 5 potions of haste
 u - 4 potions of invisibility
 A - 9 potions of resistance
 J - 16 potions of cancellation
 M - 2 potions of brilliance
 O - 2 potions of ambrosia
Miscellaneous
 k - a box of beasts
 r - 2 +3 figurines of a ziggurat
 H - a lightning rod (4/4)
 R - a condenser vane
 U - a phial of floods
 Z - a phantom mirror


   Skills:
 O Level 27 Fighting
 + Level 25.3 Axes
 + Level 25.3 Staves
 O Level 27 Throwing
 O Level 27 Dodging
 + Level 25.7 Stealth
 O Level 27 Shields
 O Level 27 Spellcasting
 O Level 27 Conjurations
 * Level 12.2 Summonings
 O Level 27 Necromancy
 O Level 27 Transmutations
 O Level 27 Fire Magic
 * Level 14.9 Ice Magic
 * Level 8.9 Air Magic
 O Level 27 Earth Magic
 O Level 27 Evocations


You couldn't memorise any spells.
You knew the following spells:

 Your Spells              Type           Power      Damage    Failure   Level
a - Lehudib's Crystal Sp  Conj/Erth      86%        10d19     0%          8
b - Blink                 Tloc           N/A        N/A       1%          2
c - Shatter               Erth           86%        3d62*     1%          9
d - Bolt of Magma         Conj/Fire/Erth 100%       4d37      0%          5
e - Borgnjor's Revivific  Necr           86%        N/A       0%          8
f - Infestation           Necr           86%        N/A       0%          8
g - Fire Storm            Conj/Fire      100%       8d25      1%          9
h - Summon Lightning Spi  Summ/Air       100%       N/A       1%          4
i - Ignition              Fire           100%       3d25      0%          8
m - Necromutation         Tmut/Necr      86%        N/A       0%          8
s - Statue Form           Tmut/Erth      100%       N/A       0%          6
v - Borgnjor's Vile Clut  Necr/Erth      100%       N/A       0%          5

Your spell library contained the following spells:

 Spells                   Type           Power      Damage    Failure   Level
 Animate Skeleton         Necr           100%       N/A       0%          1
 Beastly Appendage        Tmut           100%       N/A       0%          1
 Foxfire                  Conj/Fire      100%       2x1d9     0%          1
 Freeze                   Ice            100%       1d11      0%          1
 Magic Dart               Conj           100%       1d8       0%          1
 Pain                     Necr           100%       1d9       0%          1
 Sandblast                Erth           100%       2d20      0%          1
 Shock                    Conj/Air       100%       1d9       0%          1
 Sting                    Tmut/Pois      100%       1d8       0%          1
 Summon Small Mammal      Summ           100%       N/A       0%          1
 Call Imp                 Summ           100%       N/A       0%          2
 Corpse Rot               Necr/Air       N/A        N/A       0%          2
 Ensorcelled Hibernation  Hex/Ice        100%       N/A       0%          2
 Passwall                 Tmut/Erth      100%       N/A       0%          2
 Searing Ray              Conj           100%       3d7       0%          2
 Static Discharge         Conj/Air       100%       N/A       0%          2
 Sublimation of Blood     Necr           86%        N/A       0%          2
 Wereblood                Tmut           100%       N/A       0%          2
 Call Canine Familiar     Summ           100%       N/A       0%          3
 Conjure Flame            Conj/Fire      100%       6-21      0%          3
 Dazzling Flash           Conj/Hex       100%       N/A       0%          3
 Frozen Ramparts          Ice            100%       1d12      0%          3
 Ignite Poison            Fire/Tmut/Pois 100%       N/A       0%          3
 Inner Flame              Hex/Fire       100%       N/A       0%          3
 Mephitic Cloud           Conj/Pois/Air  100%       N/A       0%          3
 Ozocubu's Armour         Ice            100%       N/A       0%          3
 Spider Form              Tmut/Pois      58%        N/A       0%          3
 Stone Arrow              Conj/Erth      100%       3d13      0%          3
 Swiftness                Air            100%       N/A       0%          3
 Vampiric Draining        Necr           86%        2d18      0%          3
 Animate Dead             Necr           86%        N/A       0%          4
 Dispel Undead            Necr           100%       3d31      0%          4
 Fulminant Prism          Conj/Hex       58%        3d25      0%          4
 Hailstorm                Conj/Ice       100%       3d20      0%          4
 Ice Form                 Ice/Tmut       100%       N/A       0%          4
 Iskenderun's Mystic Bla  Conj/Tloc      100%       2d19      0%          4
 Leda's Liquefaction      Hex/Erth       70%        N/A       0%          4
 Petrify                  Tmut/Erth      100%       N/A       0%          4
 Sticky Flame             Conj/Fire      100%       2d11      0%          4
 Summon Ice Beast         Ice/Summ       100%       N/A       0%          4
 Agony                    Necr           100%       N/A       0%          5
 Alistair's Intoxication  Tmut/Pois      77%        N/A       0%          5
 Blade Hands              Tmut           73%        N/A       0%          5
 Excruciating Wounds      Necr           86%        N/A       0%          5
 Fireball                 Conj/Fire      100%       3d36      0%          5
 Freezing Cloud           Conj/Ice/Air   88%        6-21      0%          5
 Irradiate                Conj/Tmut      73%        3d38      0%          5
 Iskenderun's Battlesphe  Conj           100%       2d15      0%          5
 Lee's Rapid Deconstruct  Erth           86%        3d39*     0%          5
 Lightning Bolt           Conj/Air       76%        1d102     0%          5
 Yara's Violent Unravell  Hex/Tmut       58%        3d22      0%          5
 Conjure Ball Lightning   Conj/Air       76%        3x3d28    0%          6
 Death Channel            Necr           86%        N/A       0%          6
 Iron Shot                Conj/Erth      86%        9d16      0%          6
 Simulacrum               Ice/Necr       93%        N/A       0%          6
 Starburst                Conj/Fire      100%       6d25      0%          6
 Dragon Form              Tmut           73%        N/A       0%          7
 Orb of Destruction       Conj           73%        9d19      0%          7
 Apportation              Tloc           100%       N/A       1%          1
 Corona                   Hex            67%        N/A       1%          1
 Poisonous Vapours        Pois/Air       100%       N/A       1%          2
 Slow                     Hex            61%        N/A       1%          2
 Confusing Touch          Hex            61%        N/A       1%          3
 Gell's Gravitas          Tloc           30%        N/A       1%          3
 Lesser Beckoning         Tloc           30%        N/A       1%          3
 Portal Projectile        Hex/Tloc       100%       N/A       1%          3
 Summon Guardian Golem    Hex/Summ       91%        N/A       1%          3
 Teleport Other           Tloc           61%        N/A       1%          3
 Tukima's Dance           Hex            61%        N/A       1%          3
 Airstrike                Air            62%        N/A       1%          4
 Cause Fear               Hex            30%        N/A       1%          4
 Olgreb's Toxic Radiance  Pois           61%        N/A       1%          4
 Passage of Golubria      Tloc           N/A        N/A       1%          4
 Metabolic Englaciation   Hex/Ice        59%        N/A       1%          5
 Silence                  Hex/Air        53%        N/A       1%          5
 Summon Forest            Summ/Tloc      45%        N/A       1%          5
 Summon Mana Viper        Hex/Summ       91%        N/A       1%          5
 Eringya's Noxious Bog    Tmut/Pois      58%        N/A       1%          6
 Shadow Creatures         Summ           N/A        N/A       1%          6
 Haunt                    Necr/Summ      78%        N/A       1%          7
 Monstrous Menagerie      Summ           56%        N/A       1%          7
 Ozocubu's Refrigeration  Ice            72%        4d19      1%          7
 Spellforged Servitor     Conj/Summ      66%        N/A       1%          7
 Storm Form               Tmut/Air       76%        N/A       1%          7
 Summon Hydra             Summ           56%        N/A       1%          7
 Death's Door             Necr           86%        N/A       1%          9
 Manifold Assault         Tloc           61%        N/A       4%          5
 Summon Horrible Things   Summ           56%        N/A       7%          8
 Chain Lightning          Conj/Air       76%        3d102     10%         9
 Malign Gateway           Summ/Tloc      45%        N/A       11%         7
 Dispersal                Tloc           30%        N/A       24%         6
 Invisibility             Hex            30%        N/A       24%         6
 Maxwell's Capacitive Co  Air            62%        ∞         26%         8
 Polar Vortex             Ice            72%        N/A       34%         9
 Dragon's Call            Summ           56%        N/A       71%         9
 Discord                  Hex            30%        N/A       100%        8
 Disjunction              Tloc           30%        N/A       100%        8
 Animate Armour           Summ/Erth      Unusable   N/A       N/A         4

Dungeon Overview and Level Annotations

Branches:
Dungeon (15/15)            Temple (0/1) D:5            Lair (6/6) D:11
  Swamp (4/4) Lair:2       Spider (4/4) Lair:2        Slime (5/5) Lair:5
    Orc (2/2) D:9             Elf (3/3) Orc:2        Vaults (5/5) D:14
  Crypt (3/3) Vaults:2       Tomb (3/3) Crypt:3      Depths (5/5) D:15
   Hell (visited)             Dis (7/7) Hell            Geh (7/7) Hell
    Coc (7/7) Hell            Tar (7/7) Hell            Zot (5/5) Depths:5
  Sewer (visited)           IceCv (visited)

Altars:
Ashenzari
Cheibriados
Elyvilon
Fedhas
Gozag
Kikubaaqudgha
Makhleb
Nemelex Xobeh
Okawaru
Sif Muna
Trog
Uskayaw
Vehumet
Xom
Yredelemnul
The Shining One
Beogh
Jiyva

Shops:
D:9 =(*   Orc:2 *?**?:   Elf:2 ([   Elf:3 [   Lair:2 =   Lair:3 *   Vaults:2 =
Depths:3 =:(   Depths:4 ?   Depths:5 *

Portals:
Hell: Lair:6 Depths:2 Depths:3 Depths:4 Depths:5
Abyss: Depths:4 Depths:5
Pandemonium: Depths:3

Annotations:
Depths:2 2 transporters
Dis:7 Serpent of Hell


Innate Abilities, Weirdness & Mutations

You are an undead lich.
Your unarmed attacks are suffused with negative energy.
You are immune to unholy pain and torment.
Your necromantic spells are more powerful.
You are immune to poison.
You cannot drink.
You cannot wear most types of armour.
You are amphibious.
You can wear up to eight rings at the same time.
Your skin changes colour to match your surroundings (Stealth+).
Your rubbery body absorbs attacks. (AC +1, EV +1)
((You are camouflaged near water. (Stealth+)))
You have tentacles for arms and can constrict up to eight enemies at once.
You are partially covered in large bone plates. (SH +4)
You are agile. (Dex +2)
You possess an exceptional clarity of mind.


Message History

Unknown command.
(D) Dungeon (T) Temple (L) Lair (S) Swamp (N) Spider Nest (M) Slime Pits (O) Orcish Mines (E) Elven Halls (V) Vaults (C) Crypt (W) Tomb (U) Depths (H) Hell (I) Dis (G) Gehenna (X) Cocytus (Y) Tartarus (Z) Zot
Where to? (Enter - D:1 @ (x,y), ? - help)
A neqoxec comes into view.
Casting: Bolt of Magma (safe; 0% risk of failure)
Confirm with . or Enter, or press ? or * to list all spells.
Aiming: Bolt of Magma (safe; 0% risk of failure)
Press: ? - help, Shift-Dir - straight line, f - neqoxec
Aim: a neqoxec (77% to hit)
You feel a huge surge of power!
The bolt of magma misses the neqoxec.
Unknown command.
Casting: Bolt of Magma (safe; 0% risk of failure)
Confirm with . or Enter, or press ? or * to list all spells.
Aiming: Lehudib's Crystal Spear (safe; 0% risk of failure)
Press: ? - help, Shift-Dir - straight line, f/p - neqoxec
Aim: a neqoxec (83% to hit)
You feel a surge of power!
The crystal spear misses the neqoxec.
The neqoxec gestures at you.
Something tries to feed on your intellect!
Casting: Lehudib's Crystal Spear (safe; 0% risk of failure)
Confirm with . or Enter, or press ? or * to list all spells.
Aiming: Bolt of Magma (safe; 0% risk of failure)
Press: ? - help, Shift-Dir - straight line, f/p - neqoxec
Aim: a neqoxec (77% to hit)
You feel a huge surge of power!
The bolt of magma hits the neqoxec!!!!
You kill the neqoxec!
Unknown command.
(D) Dungeon (T) Temple (L) Lair (S) Swamp (N) Spider Nest (M) Slime Pits (O) Orcish Mines (E) Elven Halls (V) Vaults (C) Crypt (W) Tomb (U) Depths (H) Hell (I) Dis (G) Gehenna (X) Cocytus (Y) Tartarus (Z) Zot
Where to? (Enter - D:1 @ (x,y), ? - help)
You now have 2618 gold pieces (gained 5).
There is a staircase leading out of the dungeon here.
You have escaped!

#.###+##.#.#............# ##.
#.###.##.#.#.###....############.
..#....#.#.......................
###.####.#.#####....#############
....# #.#.................$.....
###### #.#.##############........
.....# #................#.###⌠.⌠.
####.# ###.############.#........
#.#####.#...#L## #.####.⌠._.
#.#............# #.# ##....
#.#...........## #.#####⌠.).
##.#.........##### #..........
#.........)......# ###########
###..#########.###.#############
.##.......^......#.##..........#
...............#.#.##..........#
.###############.#.##..........#


There were no monsters in sight!

Vanquished Creatures
  Cerebov (Pan)
  Asmodeus (Geh:7)
  Antaeus (Coc:7)
  Ereshkigal (Tar:7)
  the Royal Jelly (Slime:5)
  Gloorx Vloq (Pan)
  Mnoleg (Pan)
  Lom Lobon (Pan)
  Tiamat (Zot:2)
  18 ancient liches
  Dispater (Dis:7)
  14 dread liches
  4 orbs of fire
  Mennas (Pan)
  41 juggernauts
  39 royal mummies
  Boris (Vaults:4)
  Sojobo (Crypt:2)
  Margery (Vaults:2)
  23 shard shrikes
  18 Killer Klowns
  Xtahua (Vaults:4)
  3 curse toes
  Geryon (Hell)
  8 caustic shrikes
  40 golden dragons
  9 doom hounds
  45 Brimstone Fiends
  2 profane servitors
  20 bone dragons
  45 pandemonium lords
  45 Tzitzimimeh
  37 iron giants
  Rupert (D:12)
  54 Ice Fiends
  An electric golem (Zot:5)
  29 Hell Sentinels
  8 hellephants
  Jorgrun (Orc:2)
  16 Orb Guardians (Zot:5)
  36 liches
  50 tentacled monstrosities
  8 deep elf blademasters
  20 deep elf master archers
  19 quicksilver dragons
  29 titans
  A quicksilver dragon (shapeshifter) (Zig:14)
  23 acid blobs
  Asterion (Depths:1)
  17 ancient champions
  40 Executioners
  39 tentacled starspawn
  21 sphinxes
  12 death cobs
  Kirke (Lair:5)
  Frances (Spider:1)
  A shadow dragon (shapeshifter) (Zig:14)
  A sphinx (shapeshifter) (Zig:24)
  16 tengu reavers
  31 shadow dragons
  4 revenants
  14 rockslimes
  20 storm dragons
  3 fenstrider witches
  17 draconian monks
  6 thorn hunters
  Donald (Vaults:2)
  47 nagarajas
  An azure jelly (shapeshifter) (Zig:24)
  16 azure jellies
  16 warmongers
  A fenstrider witch (shapeshifter) (Zot:1)
  10 deep elf sorcerers
  A frost giant (shapeshifter) (Zig:24)
  Aizul (Elf:1)
  45 fire giants
  2 daevas
  23 draconian knights
  7 juggernaut zombies
  29 vault wardens
  2 ghost moths (shapeshifter)
  28 draconian scorchers
  17 iron dragons
  An angel (Pan)
  An emperor scorpion (shapeshifter) (Zig:24)
  47 cacodemons
  23 emperor scorpions
  7 deep elf elementalists
  47 orc warlords
  8 curse skulls
  50 ghost moths
  12 ghouls
  26 draconian annihilators
  24 draconian shifters
  43 frost giants
  29 draconian stormcallers
  46 balrugs
  29 war gargoyles
  15 caustic shrike zombies
  18 ironbound preservers
  101 reapers
  A spriggan defender (Depths:4)
  4 juggernaut skeletons
  17 quicksilver oozes
  16 blood saints
  74 stone giants
  18 black draconians
  3 elemental wellsprings
  8 caustic shrike skeletons
  3 ophanim
  23 corrupters
  12 vampire knights
  16 bennus
  55 very ugly things
  28 lorocyprocas
  17 green draconians
  34 entropy weavers
  15 deep elf demonologists
  18 yellow draconians
  19 deep elf annihilators
  A minotaur (Zig:23)
  16 black suns
  21 red draconians
  11 spark wasps
  A minotaur (shapeshifter) (Zig:24)
  2 spark wasps (shapeshifter)
  3 dire elephants (shapeshifter)
  22 bunyips
  14 dire elephants
  22 purple draconians
  13 eleionomae
  17 merfolk javelineers
  5 eidola
  11 white draconians
  9 crystal guardians
  46 mummy priests
  53 green deaths
  11 deep elf death magi
  33 ettins
  5 quicksilver dragon zombies
  31 yaktaur captains
  29 fire dragons
  16 great orbs of eyes
  3 jiangshi
  A great orb of eyes (shapeshifter) (Zig:24)
  18 shambling mangroves
  47 blizzard demons
  Fannar (Lair:1)
  22 deep elf high priests
  30 salamander tyrants
  An ice dragon (shapeshifter) (Zig:24)
  4 quicksilver dragon skeletons
  6 rakshasas
  77 hydras
  10 hell beasts
  4 kraken zombies
  10 naga warriors
  8 ironbound thunderhulks
  6 monstrous demonspawn
  7 catoblepae
  The ghost of ABBCCCDDDD the Blocker, a journeyman HODe of Trog (D:10)
  3 spriggan air magi
  5 ghost crabs
  7 ironbound frosthearts
  2 hydras (shapeshifter)
  An anaconda (shapeshifter) (Zig:13)
  2 caustic shrike simulacra (IceCv)
  A catoblepas (shapeshifter) (Zig:24)
  21 boulder beetles
  A peacekeeper (Vaults:2)
  6 ogre magi
  14 alligators
  50 ice dragons
  42 vault guards
  22 centaur warriors
  8 alligator snapping turtles
  8 anacondas
  11 satyrs
  20 two-headed ogres
  2 death knights
  A fenstrider witch skeleton (Crypt:3)
  68 death scarabs
  6 death yaks (Lair:6)
  2 tengu warriors (Depths:2)
  A two-headed ogre (shapeshifter) (Zig:22)
  7 merfolk aquamancers
  5 shock serpents
  9 deep troll earth magi
  7 deep troll shamans
  38 thrashing horrors
  3 shock serpents (shapeshifter)
  40 hell hogs
  6 spriggan berserkers
  9 ironbound beastmasters
  Urug (Orc:1)
  14 titan zombies
  67 soul eaters
  21 naga sharpshooters
  12 vampire magi
  5 iron golems
  54 orc high priests
  59 hell knights
  69 sun demons
  27 deep elf knights
  8 storm dragon zombies
  Nergalle (D:12)
  34 wretched stars
  19 shadow wraiths
  11 titan skeletons
  50 sixfirhies
  2 iron trolls (shapeshifter) (Zig:24)
  25 death drakes
  156 skeletal warriors
  10 spatial maelstroms
  9 goliath frogs
  29 iron trolls
  2 deep trolls (shapeshifter)
  15 anaconda zombies
  A glowing orange brain (shapeshifter) (Zig:5)
  8 infernal demonspawn
  16 golden dragon zombies
  3 salamander mystics
  2 spark wasp zombies
  2 sea snakes (shapeshifter)
  11 storm dragon skeletons
  2 death drakes (shapeshifter)
  57 swamp dragons
  18 flayed ghosts
  2 sea snakes (Zig:26)
  5 torturous demonspawn (Pan)
  A ghost moth zombie (Tar:7)
  9 glowing orange brains
  99 starcursed masses
  2 cherubim
  17 spriggan druids
  2 quicksilver dragon simulacra
  4 naga ritualists
  22 ironbound convokers
  A lindwurm (shapeshifter) (Zig:14)
  26 shadow demons
  45 deep trolls
  13 bog bodies
  7 gelid demonspawn
  22 necromancers
  5 obsidian statues
  36 phantasmal warriors
  50 deep elf zephyrmancers
  17 wizards
  5 orange crystal statues
  14 golden dragon skeletons
  19 shadow dragon zombies
  9 lindwurms
  14 anaconda skeletons
  11 sphinx zombies
  28 deep elf archers
  53 orb spiders
  40 deep elf pyromancers
  23 orc knights
  5 wolf spider zombies
  53 wolf spiders
  9 stone giant zombies
  9 shadow dragon skeletons
  6 mana vipers
  43 orc sorcerers
  A wolf spider (shapeshifter) (Zig:22)
  11 frost giant zombies
  9 salamanders
  17 iron dragon zombies
  42 oklob plants
  3 manticores (shapeshifter)
  6 manticores
  38 cyclopes
  14 fauns
  10 fire giant zombies
  9 shining eyes
  119 slime creatures
  34 ugly things
  82 moths of wrath
  10 worldbinders
  21 will-o-the-wisps
  Maurice (Orc:2)
  11 iron dragon skeletons
  5 shock serpent zombies
  2 sphinx skeletons
  18 guardian serpents
  58 rust devils
  A titan simulacrum (Zig:27)
  6 elephants
  A toenail golem (Abyss:3)
  A moth of wrath (shapeshifter) (Zig:14)
  2 merfolk sirens
  80 smoke demons
  3 stone giant skeletons
  25 vault sentinels
  A water nymph (shapeshifter) (Zig:10)
  30 black mambas
  8 fire giant skeletons
  11 frost giant skeletons
  10 molten gargoyles
  8 eyes of devastation
  5 ice statues
  A shock serpent skeleton (Geh:7)
  A cane toad (shapeshifter) (Zig:24)
  18 torpor snails
  46 orange demons
  A storm dragon simulacrum (Coc:7)
  9 apocalypse crabs
  2 eyes of devastation (shapeshifter)
  A torpor snail (shapeshifter) (Zig:22)
  13 naga magi
  4 gargoyles
  6 dire elephant zombies
  19 cane toads
  58 hellions
  An emperor scorpion zombie (Coc:6)
  14 elf zombies
  61 freezing wraiths
  91 tormentors
  6 unseen horrors
  9 dire elephant skeletons
  50 yaktaurs
  2 sea snake zombies (Hell)
  A minotaur zombie (Crypt:2)
  19 komodo dragons
  14 rime drakes
  24 efreet
  2 yaktaurs (shapeshifter)
  A kobold demonologist (D:11)
  78 guardian mummies
  3 anaconda simulacra (IceCv)
  3 golden dragon simulacra
  2 catoblepas skeletons
  72 ice devils
  6 tengu conjurers
  22 hellwings
  62 demonic crawlers
  56 jumping spiders
  32 ancient zymes
  A silent spectre (Tar:2)
  10 meliai
  26 hydra zombies
  A queen bee (Abyss:3)
  39 red devils
  A troll (shapeshifter) (Zig:12)
  5 harpy zombies
  3 merfolk (shapeshifter)
  14 tyrant leeches
  9 bloated husks
  2 wind drakes (Zig:26)
  59 hornets
  A meliai (shapeshifter) (Zig:27)
  32 trolls
  A tyrant leech (shapeshifter) (Zig:12)
  5 polar bears
  4 harpy skeletons
  2 fire dragon zombies
  A slime creature (shapeshifter) (Zig:24)
  A wind drake (shapeshifter) (Zig:22)
  A tarantella zombie (Crypt:2)
  2 snapping turtles
  A dream sheep (shapeshifter) (Zig:13)
  12 hydra skeletons
  A guardian serpent zombie (Crypt:1)
  16 blink frogs
  9 ice dragon zombies
  49 raiju
  2 raiju (shapeshifter)
  6 ettin zombies
  5 alligator zombies
  3 frost giant simulacra
  8 dream sheep
  An iron dragon simulacrum (Zig:14)
  92 redbacks
  A snapping turtle (shapeshifter) (Zig:5)
  A wyvern (shapeshifter) (Zig:24)
  5 alligator skeletons
  6 elf skeletons
  183 flying skulls
  33 shadows
  59 tarantellas
  19 ushabtiu
  15 spriggans
  21 water elementals
  158 large abominations
  59 ynoxinuls
  A redback (shapeshifter) (Zig:14)
  9 air elementals
  A spriggan (shapeshifter) (Zig:24)
  8 ice dragon skeletons
  3 spriggan simulacra
  A yak (shapeshifter) (Zig:24)
  57 yaks
  6 dire elephant simulacra (IceCv)
  A hog (shapeshifter) (Zig:7)
  The ghost of diceflayer the Skirmisher, an amateur MiFi (D:4)
  A black mamba skeleton (Geh:2)
  4 black mamba zombies
  4 vampires
  8 wyverns
  13 ettin skeletons
  4 fire dragon skeletons
  50 wraiths
  8 basilisks
  7 fire bats
  24 fire elementals
  5 hogs (Lair:5)
  A basilisk (shapeshifter) (D:14)
  25 golden eyes
  84 chaos spawn
  5 steam dragons (Zig:26)
  20 vampire mosquitoes
  57 neqoxecs
  7 nagas
  A merfolk zombie (Coc:3)
  14 swamp worms
  26 wargs
  6 hydra simulacra
  7 acid dragons
  21 water moccasins
  96 hell hounds
  4 floating eyes (shapeshifter)
  11 cane toad zombies
  56 small abominations
  9 cane toad skeletons
  6 floating eyes
  112 orc warriors
  12 swamp drakes
  2 sky beasts (D:6)
  Duvessa (D:6)
  A swamp drake (shapeshifter) (Zig:24)
  2 ettin simulacra
  A dream sheep zombie (Crypt:3)
  2 snapping turtle zombies
  4 alligator simulacra (IceCv)
  17 ice beasts
  6 swamp dragon zombies
  40 necrophages
  4 black bears
  A hog zombie (Crypt:1)
  60 ogres
  13 wolves
  2 swamp dragon skeletons
  2 boggarts (Zot:1)
  4 manticore skeletons
  3 manticore zombies
  A dream sheep skeleton (Crypt:1)
  8 snapping turtle skeletons
  21 centaurs
  7 phantoms
  2 kobold brigands
  3 gnoll sergeants
  2 wyvern zombies
  14 earth elementals
  10 bullfrogs
  A glowing shapeshifter simulacrum (Zig:25)
  A deep troll simulacrum (IceCv)
  A water moccasin zombie (D:5)
  3 cane toad simulacra
  5 scorpions
  Dowan (D:6)
  8 spriggan zombies
  A manticore simulacrum (Tomb:3)
  11 tengu zombies
  11 killer bees
  8 spriggan skeletons
  84 wights
  4 lindwurm simulacra (IceCv)
  4 howler monkeys
  5 electric eels
  5 crimson imps
  2 bullfrog zombies
  5 quasits
  2 bullfrog skeletons
  4 centaur skeletons
  4 centaur zombies
  3 hounds
  31 orc priests
  A gnoll shaman (D:7)
  4 jellies
  65 iron imps
  3 human skeletons
  8 iguanas
  4 hell rats (Lair:5)
  32 orc wizards
  A killer bee zombie (D:9)
  A hound zombie (Crypt:2)
  10 tengu skeletons
  An ogre skeleton (Pan)
  2 hound skeletons (D:4)
  122 mummies
  A howler monkey zombie (D:9)
  A howler monkey skeleton (D:6)
  10 adders
  27 gnolls
  10 shadow imps
  36 white imps
  8 ufetubi
  2 adder skeletons
  A halfling skeleton (Crypt:2)
  A halfling zombie (Crypt:3)
  A lava snake skeleton (Crypt:2)
  A worm (D:2)
  2 dart slugs
  86 orcs
  8 endoplasms
  2 giant cockroaches
  7 goblins
  8 hobgoblins
  10 jackals
  5 quokkas
  10 ball pythons
  4 bats
  9 frilled lizards
  22 kobolds
  A kobold zombie (Tomb:1)
  An orc skeleton (Tar:4)
  4 rats
  2 rat zombies
  4 ball lightnings (Pan)
  23 briar patches
  A butterfly (Zot:1)
  11 fire vortices
  2 lurking horrors
  5 plants
  20 starspawn tentacles
  8 tentacles
9094 creatures vanquished.

Vanquished Creatures (collateral kills)
  A dread lich (Zot:5)
  4 royal mummies (Tomb:3)
  4 Killer Klowns (Zot:5)
  A Tzitzimitl (Zig:23)
  An electric golem (Zot:5)
  2 tentacled monstrosities
  3 Orb Guardians (Zot:5)
  A titan (Vaults:5)
  3 acid blobs (Slime:5)
  A quicksilver dragon (Vaults:5)
  3 ancient champions
  A sphinx (Tomb:1)
  2 shadow dragons
  2 draconian monks (Zot:1)
  2 vault wardens
  A frost giant (Vaults:5)
  2 cacodemons (Pan)
  2 ghouls (Crypt:3)
  4 reapers
  A very ugly thing (Pan)
  7 bennus (Tomb:3)
  A stone giant (Zig:10)
  A green draconian (Zot:5)
  An entropy weaver (Zig:12)
  2 purple draconians
  A dire elephant (Abyss:3)
  A deep elf death mage (Zot:1)
  2 mummy priests
  A monstrous demonspawn (Pan)
  An alligator (Zig:19)
  8 death scarabs
  3 hell hogs
  A death drake (Zig:18)
  A skeletal warrior (Tar:7)
  A spatial maelstrom (Zig:27)
  A spriggan druid (Zig:18)
  An anaconda skeleton (Geh:1)
  A shadow demon (Pan)
  A large abomination (Abyss:2)
  A guardian serpent (Zot:1)
  An iron dragon skeleton (Tomb:3)
  A hellion (Tar:7)
  2 demonic crawlers
  4 guardian mummies
  A harpy zombie (Geh:7)
  3 slime creatures
  A fire dragon zombie (Geh:7)
  An alligator zombie (Geh:4)
  A harpy skeleton (Geh:4)
  A flying skull (Tomb:3)
  An ettin skeleton (Geh:7)
  2 redbacks
  A water elemental (Hell)
  A chaos spawn (Pan)
  A water moccasin (Zig:8)
  A necrophage (Tar:7)
  A boggart (Zot:1)
  A small abomination (Abyss:2)
  3 wights
  4 mummies
  2 white imps
  An ufetubus (Abyss:1)
  An orc (Vaults:5)
  2 foxfires (Sewer)
116 creatures vanquished.

Vanquished Creatures (others)
  Boris (Tomb:3)
  3 royal mummies (Tomb:3)
  2 golden dragons (Zig:18)
  A lich (Tomb:2)
  2 eldritch tentacles (Pan)
  A sphinx (Tomb:2)
  A revenant (Tomb:3)
  A stone giant (Zig:21)
  A war gargoyle (Dis:7)
  2 bennus (Tomb:3)
  A purple draconian (Zot:5)
  A yellow draconian (Zot:5)
  A blizzard demon (Zig:23)
  2 mummy priests (Tomb:3)
  45 dancing weapons
  A hell hog (Abyss:3)
  3 death scarabs (Tomb:2)
  2 sun demons (D:1)
  A spriggan druid (Zig:25)
  A deep elf archer (Elf:1)
  A shining eye (Pan)
  An ugly thing (Zig:24)
  A sphinx skeleton (Zig:15)
  4 guardian mummies (Tomb:3)
  A fire dragon skeleton (Tomb:3)
  4 flying skulls
  A water elemental (Zig:17)
  3 neqoxecs
  10 mummies
  2 ball lightnings (Pan)
  A bush (D:11)
  999 fire vortices
  1082 foxfires
  37 fungi
  A lurking horror (Abyss:1)
  177 plants
  20 starspawn tentacles
  12 tentacles
2430 creatures vanquished.

Grand Total: 11640 creatures vanquished

Notes
Turn   | Place    | Note
-------+----------+-------------------------------------------
     0 | D:1      | Turgor the Octopode Fire Elementalist began the quest for
                  | the Orb.
     0 | D:1      | Reached XP level 1. HP: 11/11 MP: 3/3
   384 | D:1      | Reached XP level 2. HP: 17/17 MP: 1/5
   806 | D:1      | Found a faded altar of an unknown god.
  1265 | D:1      | Reached XP level 3. HP: 21/21 MP: 3/6
  1609 | D:2      | Found an iron altar of Okawaru.
  2158 | D:2      | Reached XP level 4. HP: 27/27 MP: 4/8
  2589 | D:2      | Reached XP level 5. HP: 31/31 MP: 4/9
  2682 | D:3      | Found an opulent altar of Gozag.
  2687 | D:3      | Became a worshipper of Gozag Ym Sagoz the Greedy
  2710 | D:3      | Learned a level 3 spell: Conjure Flame
  2715 | D:3      | Learned a level 4 spell: Sticky Flame
  3414 | D:3      | Found a radiant altar of Vehumet.
  3419 | D:3      | Found a broken altar of Ashenzari.
  3424 | D:3      | Found an ancient bone altar of Kikubaaqudgha.
  3874 | D:4      | Found a runed translucent gate.
  3874 | D:4      | Found a runed translucent gate.
  3874 | D:4      | Found a runed translucent gate.
  3875 | D:4      | Noticed diceflayer's ghost (amateur MiFi)
  3955 | D:4      | Reached XP level 6. HP: 36/36 MP: 7/11
  3979 | D:4      | Found a glowing drain.
  4002 | Sewer    | Entered a sewer
  4765 | D:4      | Found a snail-covered altar of Cheibriados.
  5168 | D:4      | Reached skill level 5 in Fire Magic
  5243 | D:4      | Noticed a black bear
  5265 | D:4      | Killed a black bear
  5266 | D:4      | Reached XP level 7. HP: 41/41 MP: 4/13
  5730 | D:5      | Entered Level 5 of the Dungeon
  6514 | D:5      | Reached skill level 5 in Conjurations
  6514 | D:5      | Reached XP level 8. HP: 46/46 MP: 12/15
  6902 | D:5      | Reached skill level 5 in Spellcasting
  6951 | D:5      | Found a basalt altar of Yredelemnul.
  7368 | D:5      | Found a staircase to the Ecumenical Temple.
  7521 | D:5      | Learned a level 2 spell: Blink
  7527 | D:5      | Learned a level 5 spell: Fireball
  8369 | D:6      | Found a bloodstained altar of Trog.
  8415 | D:6      | Noticed Dowan
  8445 | D:6      | Killed Dowan
  8681 | D:6      | Reached skill level 1 in Fighting
  8681 | D:6      | Reached XP level 9. HP: 13/53 MP: 12/18
  8754 | D:6      | Noticed Duvessa
  9362 | D:6      | Learned a level 3 spell: Mephitic Cloud
  9388 | D:6      | Killed Duvessa
 10108 | D:7      | Noticed a hornet
 10118 | D:7      | Killed a hornet
 10737 | D:7      | Found a shimmering altar of Xom.
 10770 | D:7      | Found a hide-covered altar of Uskayaw.
 10855 | D:7      | Identified the +1 scale mail of Instinct {rN+ Str+3}
 11311 | D:8      | Reached XP level 10. HP: 52/63 MP: 10/20
 12040 | D:8      | Found a burning altar of Makhleb.
 12889 | D:9      | Learned a level 5 spell: Bolt of Magma
 13321 | D:9      | Found a blossoming altar of Fedhas.
 13330 | D:9      | Noticed a two-headed ogre
 13346 | D:9      | Killed a two-headed ogre
 13606 | D:9      | Reached skill level 5 in Stealth
 13743 | D:9      | Found Obruamojaff's Weapon Shop.
 13745 | D:9      | Found a staircase to the Orcish Mines.
 13754 | D:9      | Bought a wand of digging (5) for 252 gold pieces
 13754 | D:9      | Bought a scroll of fog for 28 gold pieces
 13754 | D:9      | Bought a scroll of magic mapping for 49 gold pieces
 13754 | D:9      | Bought 5 silver javelins for 168 gold pieces
 14206 | D:9      | Noticed a two-headed ogre
 14224 | D:9      | Killed a two-headed ogre
 14225 | D:9      | Reached XP level 11. HP: 70/70 MP: 1/23
 14444 | D:10     | Entered Level 10 of the Dungeon
 14444 | D:10     | Found a sparkling altar of Nemelex Xobeh.
 14889 | D:10     | Found a transporter.
 14917 | D:10     | Noticed a moth of wrath
 15136 | D:10     | Found a transporter.
 15145 | D:10     | Noticed ABBCCCDDDD's ghost (journeyman HODe)
 15231 | D:10     | Found a glowing golden altar of the Shining One.
 15480 | D:11     | Noticed a manticore
 15483 | D:11     | Killed a manticore
 15693 | D:11     | Reached skill level 10 in Fire Magic
 15861 | D:11     | Reached skill level 5 in Fighting
 16113 | D:11     | Found a staircase to the Lair.
 16133 | D:11     | Noticed a boulder beetle
 16600 | D:11     | Killed a boulder beetle
 16896 | Lair:1   | Entered Level 1 of the Lair of Beasts
 16917 | Lair:1   | Noticed a five-headed hydra
 16924 | Lair:1   | Killed a five-headed hydra
 16925 | Lair:1   | Reached skill level 10 in Conjurations
 17079 | D:12     | Noticed a manticore
 17105 | D:12     | Killed a manticore
 17187 | D:12     | Reached XP level 12. HP: 77/77 MP: 10/25
 17712 | D:12     | Noticed a five-headed hydra
 18295 | D:12     | Reached skill level 10 in Spellcasting
 18430 | D:12     | Killed a five-headed hydra
 18619 | D:12     | Noticed Nergalle
 19093 | D:12     | Noticed Rupert
 19138 | Lair:1   | Noticed a seven-headed hydra
 19142 | Lair:1   | Killed a seven-headed hydra
 19945 | Lair:1   | Noticed Fannar
 20114 | Lair:1   | Found an iron altar of Okawaru.
 20263 | Lair:2   | Found a staircase to the Swamp.
 20309 | Lair:2   | Reached XP level 13. HP: 85/85 MP: 16/27
 20742 | Lair:2   | Found a hole to the Spider Nest.
 21098 | Lair:2   | Learned a level 3 spell: Ignite Poison
 21912 | Lair:3   | Found a shimmering blue altar of Sif Muna.
 24071 | Lair:5   | You are sucked into a shaft and drop 1 floor!
 24071 | Lair:6   | Entered Level 6 of the Lair of Beasts
 24305 | Lair:5   | Noticed Kirke
 24381 | Lair:5   | Found a blossoming altar of Fedhas.
 24782 | Lair:5   | Reached XP level 14. HP: 94/94 MP: 15/29
 24878 | Lair:5   | Found a staircase to the Slime Pits.
 24878 | Lair:5   | Found a viscous altar of Jiyva.
 25054 | Lair:5   | Killed Kirke
 27450 | Lair:6   | Noticed a dire elephant
 27455 | Lair:6   | Killed a dire elephant
 27671 | Lair:6   | Found a burning altar of Makhleb.
 27677 | Lair:6   | Reached skill level 1 in Earth Magic
 28022 | Lair:6   | Found a gateway to Hell.
 28321 | Lair:1   | Killed Fannar
 28366 | Lair:1   | Reached XP level 15. HP: 81/101 MP: 21/31
 28777 | D:4      | Killed diceflayer's ghost
 29093 | D:10     | Killed ABBCCCDDDD's ghost
 29189 | D:10     | Identified the +2 cloak "Rurchaq" {rN++ Str-2}
 29272 | D:12     | Paralysed by Rupert for 6 turns
 29281 | D:12     | Killed Rupert
 29851 | D:12     | Killed Nergalle
 30465 | D:13     | Found a portal to a secret trove of treasure.
 30622 | D:13     | Found a shimmering blue altar of Sif Muna.
 30771 | D:9      | Bought a ring of positive energy for 340 gold pieces
 30774 | Orc:1    | Entered Level 1 of the Orcish Mines
 30774 | Orc:1    | Noticed Urug
 31964 | D:14     | Found a gate to the Vaults.
 32619 | D:15     | Entered Level 15 of the Dungeon
 32682 | D:15     | Reached skill level 5 in Earth Magic
 34189 | D:15     | Reached XP level 16. HP: 99/109 MP: 9/33
 34240 | D:15     | Found a staircase to the Depths.
 34557 | D:15     | Identified the +9 spear "Ohujatru" {freeze, Drain rPois rF-
                  | rC+++}
 34811 | Spider:1 | Entered Level 1 of the Spider Nest
 35231 | Lair:2   | Bought the ring "Cack" {rF+ rC+ Dex+4} for 758 gold pieces
 35252 | Swamp:1  | Entered Level 1 of the Swamp
 35539 | Swamp:1  | Reached skill level 10 in Fighting
 35730 | Swamp:1  | Reached skill level 15 in Fire Magic
 36807 | Swamp:2  | Learned a level 6 spell: Starburst
 37329 | Swamp:3  | Reached skill level 1 in Shields
 37403 | Swamp:3  | Reached skill level 15 in Conjurations
 38090 | Swamp:4  | Entered Level 4 of the Swamp
 38586 | Swamp:4  | Noticed a fenstrider witch
 38589 | Swamp:4  | Killed a fenstrider witch
 38620 | Swamp:4  | Reached XP level 17. HP: 116/116 MP: 24/35
 39531 | Swamp:4  | Got a decaying rune of Zot
 39916 | Spider:1 | Noticed Frances
 39922 | Spider:1 | Killed Frances
 40574 | Lair:2   | Bought a scroll of identify for 32 gold pieces
 40574 | Lair:2   | Bought a scroll of identify for 32 gold pieces
 40574 | Lair:2   | Bought a scroll of fear for 56 gold pieces
 40574 | Lair:2   | Bought a scroll of identify for 32 gold pieces
 40574 | Lair:2   | Bought a scroll of identify for 32 gold pieces
 40584 | Lair:2   | Bought a scroll of magic mapping for 56 gold pieces
 40584 | Lair:2   | Bought a scroll of holy word for 120 gold pieces
 40584 | Lair:2   | Bought a scroll of teleportation for 48 gold pieces
 40584 | Lair:2   | Bought a scroll of amnesia for 56 gold pieces
 40584 | Lair:2   | Bought a scroll of amnesia for 56 gold pieces
 40584 | Lair:2   | Bought a scroll of vulnerability for 120 gold pieces
 43174 | Spider:3 | Reached XP level 18. HP: 122/122 MP: 26/36
 45092 | Spider:4 | Entered Level 4 of the Spider Nest
 45624 | Spider:4 | Reached skill level 5 in Dodging
 46349 | Spider:4 | Reached skill level 15 in Spellcasting
 46519 | Spider:4 | Reached skill level 10 in Earth Magic
 48071 | Spider:4 | Got a gossamer rune of Zot
 49052 | Orc:1    | Killed Urug
 49322 | Orc:2    | Entered Level 2 of the Orcish Mines
 49746 | Orc:1    | Found a bloodstained altar of Trog.
 49910 | Orc:2    | Noticed Jorgrun
 49915 | Orc:2    | Killed Jorgrun
 49917 | Orc:2    | Noticed Maurice
 49920 | Orc:2    | Killed Maurice
 50022 | Orc:2    | Found Pagokkogh's General Store.
 50436 | Orc:2    | Reached XP level 19. HP: 129/129 MP: 32/38
 50597 | Orc:2    | Found a staircase to the Elven Halls.
 50904 | Orc:2    | Found Soegur's Assorted Antiques.
 50954 | Orc:2    | Found Lannyat's Magic Scroll Shop.
 51054 | Orc:2    | Found Jasti's Magic Scroll Shoppe.
 51063 | Orc:2    | Found Bonkawos's Assorted Antiques.
 51078 | Orc:2    | Bought a scroll of blinking for 75 gold pieces
 51078 | Orc:2    | Bought a scroll of acquirement for 520 gold pieces
 51078 | Orc:2    | Bought a scroll of teleportation for 30 gold pieces
 51078 | Orc:2    | Bought 3 scrolls of teleportation for 90 gold pieces
 51089 | Orc:2    | Bought a scroll of acquirement for 780 gold pieces
 51089 | Orc:2    | Acquired the ring of Qeto {rPois Will+++ MP+9 Str-2}
 51090 | Orc:2    | Acquired the ring of Ihyaqiugh {*Corrode rPois rN+ Str+3
                  | Dex+4}
 51102 | Orc:2    | Bought a book of Annihilations for 600 gold pieces
 51111 | Orc:2    | Learned a level 8 spell: Ignition
 51111 | Orc:2    | Bought a manual of Conjurations for 1200 gold pieces
 51303 | Depths:1 | Entered Level 1 of the Depths
 51641 | Depths:1 | Identified the +5 kite shield "Gidoug" {rPois Will+ SInv
                  | Stlth-}
 51641 | Depths:1 | Noticed Asterion
 51648 | Depths:1 | Killed Asterion
 52465 | Depths:2 | Found a transporter.
 52617 | Depths:2 | Noticed a bone dragon
 52908 | Depths:2 | Found a transporter.
 53561 | Depths:1 | Killed a bone dragon
 54788 | Vaults:1 | Entered Level 1 of the Vaults
 55171 | D:14     | Learned a level 9 spell: Fire Storm
 55892 | Elf:1    | Entered Level 1 of the Elven Halls
 55966 | Elf:1    | Noticed Aizul
 55973 | Elf:1    | Killed Aizul
 55984 | Elf:1    | Reached XP level 20. HP: 29/138 MP: 35/39
 56001 | Elf:1    | Found a frozen archway.
 56014 | IceCv    | Entered an ice cave
 56721 | IceCv    | Identified the +1 pair of boots of Povyaf {Fly rElec
                  | Slay+2}
 56771 | IceCv    | Found an ancient bone altar of Kikubaaqudgha.
 57172 | Orc:2    | Bought a manual of Shields for 1200 gold pieces
 57952 | Elf:1    | Got the Tome of Conjuration
 58522 | Elf:2    | Found Urian's Armour Emporium.
 58527 | Elf:2    | Found Febadghyrgh's Antique Weapon Shoppe.
 58904 | Elf:1    | Learned a level 5 spell: Borgnjor's Vile Clutch
 59177 | Elf:2    | Reached skill level 5 in Shields
 59590 | Elf:2    | Found a runed translucent gate.
 59591 | Elf:2    | Found a runed translucent gate.
 59592 | Elf:2    | Found a runed translucent gate.
 59596 | Elf:2    | Identified the +8 mace of the Common Good {pain, rF+ Str+6}
 59737 | Elf:1    | Found a radiant altar of Vehumet.
 59907 | Elf:3    | Entered Level 3 of the Elven Halls
 60290 | Elf:3    | Found Bunow's Armour Boutique.
 61859 | Elf:3    | Reached XP level 21. HP: 134/144 MP: 34/41
 63185 | Elf:3    | Identified the +1 scale mail "Plog" {rF++ Will-}
 63752 | Elf:3    | Got the Disquisition on Supportive Flight
 63768 | Elf:3    | Found the +2 ratskin cloak {*Rats rPois rN+ Str-1 Int-1
                  | Dex+1}
 63809 | Elf:3    | Identified the +2 mace "Deptaash" {vorpal, rF+ Int+3}
 63816 | Elf:3    | Got Ucsuffimp's Collected Works on Destructive Glamour
 63829 | Elf:3    | Identified the -1 pair of boots "Ufulus" {-Tele rElec
                  | Slay+3 SInv}
 63849 | Elf:3    | Identified the +6 long sword of Demonic True Grit {freeze,
                  | Drain +Blink MP+9 Dex+2}
 65189 | Depths:3 | Found a white marble altar of Elyvilon.
 65602 | Depths:3 | Found a one-way gate leading to the halls of Pandemonium.
 65729 | Depths:3 | Found a snail-covered altar of Cheibriados.
 65882 | Depths:3 | Found a runed translucent door.
 65882 | Depths:3 | Noticed a juggernaut
 65934 | Depths:3 | Learned a level 7 spell: Orb of Destruction
 65957 | Depths:3 | Killed a juggernaut
 66081 | Depths:3 | Noticed a juggernaut
 66087 | Depths:3 | Found a runed translucent door.
 66848 | Depths:4 | Reached XP level 22. HP: 152/152 MP: 39/43
 67079 | Depths:4 | Noticed an ancient lich
 67085 | Depths:4 | Killed an ancient lich
 67861 | Depths:4 | Found a gateway to a ziggurat.
 67939 | Depths:4 | Identified the +0 hat "Essofruc" {MP+9 Str+2 Stlth+}
 67965 | Depths:4 | Found a one-way gate to the infinite horrors of the Abyss.
 68081 | Depths:4 | Noticed a caustic shrike
 68086 | Depths:4 | Killed a caustic shrike
 68662 | Depths:5 | Entered Level 5 of the Depths
 68758 | Depths:5 | Found a radiant altar of Vehumet.
 69804 | Depths:5 | Identified the +6 scimitar of the Heavens {vorpal, rN+
                  | Dex+3 Stlth+}
 70196 | Depths:5 | Found Ycsium's Assorted Antiques.
 70212 | Depths:5 | Bought the +3 hat of Pondering {ponderous, Will+ MP+10
                  | Int+5} for 1409 gold pieces
 70212 | Depths:5 | Found the +3 hat of Pondering {ponderous, Will+ MP+10
                  | Int+5}
 70612 | Depths:5 | Noticed a golden dragon
 71410 | Depths:5 | Killed a golden dragon
 71616 | Depths:5 | Reached XP level 23. HP: 151/159 MP: 44/44
 71641 | Depths:5 | Found a gate to the Realm of Zot.
 72849 | Vaults:1 | You fall into a shaft and drop 1 floor!
 73758 | Vaults:2 | Found a staircase to the Crypt.
 73844 | Vaults:2 | Noticed Donald
 73847 | Vaults:2 | Killed Donald
 74085 | Vaults:2 | Noticed Margery
 74685 | Vaults:2 | Found a transporter.
 74693 | Vaults:2 | Found a transporter.
 76054 | Vaults:3 | Identified the +3 spear of Indignation {freeze, Stlth+}
 76502 | Vaults:3 | Reached XP level 24. HP: 151/167 MP: 38/44
 76677 | Vaults:3 | Reached XP level 25. HP: 171/171 MP: 44/44
 78717 | Vaults:4 | Noticed Xtahua
 78776 | Vaults:4 | Killed Xtahua
 78779 | Vaults:4 | Noticed Boris
 78801 | Vaults:4 | Killed Boris
 78894 | Vaults:4 | Reached skill level 15 in Fighting
 79262 | Vaults:4 | Found a radiant altar of Vehumet.
 79276 | Vaults:4 | Identified the +1 robe of Impatience {rC+}
 79653 | Vaults:4 | Identified the +4 arbalest "Kugow" {venom, rF+ rC+ Str+4
                  | Int+2 Dex-5}
 79906 | Vaults:4 | Learned a level 6 spell: Iron Shot
 80343 | Vaults:2 | Found a transporter.
 80552 | Vaults:2 | Found a staircase to the Crypt.
 80727 | Vaults:2 | Killed Margery
 81466 | Crypt:1  | Entered Level 1 of the Crypt
 81474 | Vaults:2 | Bought the ring "Cuv Juthri" {rPois rCorr SInv} for 604
                  | gold pieces
 81478 | Vaults:2 | Bought the ring "Isess" {rC++ rN+ Int+3} for 965 gold
                  | pieces
 81880 | Crypt:1  | Found an ancient bone altar of Kikubaaqudgha.
 82700 | Crypt:2  | Noticed Sojobo
 82704 | Crypt:2  | Killed Sojobo
 83068 | Crypt:2  | Reached XP level 26. HP: 181/181 MP: 45/45
 83086 | Crypt:2  | Reached skill level 10 in Shields
 83744 | Crypt:3  | Entered Level 3 of the Crypt
 83758 | Crypt:3  | Found a staircase to the Tomb.
 85526 | Crypt:3  | Noticed an ancient lich
 85527 | Crypt:3  | Noticed an ancient lich
 85532 | Crypt:3  | Killed an ancient lich
 85537 | Crypt:3  | Killed an ancient lich
 85561 | Crypt:3  | Got the Catalogue of Evil
 85680 | Vaults:2 | Bought the ring of the Morning {EV+4 Str+3 Int-2 Dex+7
                  | SInv} for 1216 gold pieces
 86849 | Elf:2    | Reached skill level 15 in Earth Magic
 87569 | Elf:3    | Found a shimmering blue altar of Sif Muna.
 87857 | Slime:1  | Entered Level 1 of the Pits of Slime
 88593 | Slime:1  | Reached skill level 1 in Throwing
 90351 | Slime:5  | Entered Level 5 of the Pits of Slime
 90354 | Slime:5  | Reached XP level 27. HP: 189/189 MP: 45/45
 90442 | Slime:5  | Noticed the Royal Jelly
 91313 | Slime:5  | Killed the Royal Jelly
 91327 | Slime:5  | Gained mutation: You occasionally shout uncontrollably at
                  | your foes. [a shining eye]
 91675 | Slime:5  | Found the +8 mithril axe "Arga" {speed, Will+}
 91677 | Slime:5  | Identified the +6 battleaxe of Eternal Vigilance {vorpal,
                  | Stlth+}
 91711 | Slime:5  | Identified the +9 hand axe "Octopus's Doom" {vorpal, rN+
                  | Str+8 Int-2 Dex+2}
 91715 | Slime:5  | Got a slimy rune of Zot
 91747 | Slime:5  | Identified the +3 halberd of Havoc {venom, Drain rF+++
                  | rN+++ Stlth-}
 92254 | D:13     | You showed the slimy rune of Zot to enter a treasure trove
 92255 | Trove    | Entered a treasure trove
 92265 | Trove    | Found the +3 Elemental Staff {rElec rF++ rC++ Will++ AC+5}
 92297 | Trove    | Identified the ring "Usanuet" {Fly Stlth+}
 92300 | Trove    | Identified the ring of Esaguc {Dex+6 Slay+2}
 93059 | Depths:3 | Killed a juggernaut
 93322 | Depths:3 | Identified the +4 plate armour "Yqaank" {rN+ Will+ MP+9
                  | Slay-3}
 93341 | Depths:3 | Identified the +0 robe of the Jackalope {MP+9}
 93457 | Zot:1    | Entered Level 1 of the Realm of Zot
 94224 | Zot:1    | Reached skill level 15 in Shields
 95402 | Zot:1    | Learned a level 2 spell: Passwall
 95678 | Zot:2    | Found a transporter.
 95696 | Zot:2    | Found the +4 dragonskin cloak
 95696 | Zot:2    | Noticed Tiamat
 95698 | Zot:2    | Reached skill level 1 in Transmutations
 95701 | Zot:2    | Killed Tiamat
 96056 | Zot:2    | Reached skill level 5 in Throwing
 96363 | Zot:2    | Found a transporter.
 96365 | Zot:2    | Found the +8 whip "Snakebite" {venom, curare, rPois}
 96510 | Zot:2    | Gained mutation: You tend to lose your temper in combat. [a
                  | cacodemon]
 96539 | Zot:2    | Lost mutation: You tend to lose your temper in combat. [a
                  | cacodemon]
 96841 | Zot:2    | Identified the amulet of Koura {Reflect rElec Str-4 Dex+2
                  | SH+5}
 96869 | Zot:2    | Identified the ring "Dyono" {+Blink Will+ rCorr}
 96884 | Zot:2    | Lost mutation: You occasionally shout uncontrollably at
                  | your foes. [potion of mutation]
 96884 | Zot:2    | Gained mutation: You tend to lose your temper in combat.
                  | [potion of mutation]
 96884 | Zot:2    | Gained mutation: You are robust. (+10% HP) [potion of
                  | mutation]
 96885 | Zot:2    | Lost mutation: You are robust. (+10% HP) [potion of
                  | mutation]
 96885 | Zot:2    | Lost mutation: You tend to lose your temper in combat.
                  | [potion of mutation]
 96885 | Zot:2    | Gained mutation: You are partially covered in iridescent
                  | scales. (AC +2) [potion of mutation]
 96885 | Zot:2    | Gained mutation: You are agile. (Dex +2) [potion of
                  | mutation]
 97390 | Zot:3    | Reached skill level 5 in Transmutations
 97781 | Zot:3    | Learned a level 3 spell: Ozocubu's Armour
 98220 | Zot:3    | Reached skill level 5 in Ice Magic
 98325 | Zot:3    | Acquired a book of Transfigurations
 99775 | Vaults:5 | Entered Level 5 of the Vaults
 99823 | Vaults:5 | Noticed an ancient lich
 99828 | Vaults:5 | Killed an ancient lich
100520 | Vaults:5 | Found the ring of the Hare {EV+8}
100962 | Vaults:5 | Identified the +8 dire flail of Symmetry {vorpal, Will-
                  | Int+5 Dex+6}
100967 | Vaults:5 | Identified the +9 scale mail of Untruth {rF- rCorr Str+2}
100970 | Vaults:5 | Got a silver rune of Zot
101136 | Vaults:5 | Identified the +8 battleaxe of Victory {freeze, +Blink
                  | Will+ Str-2 SInv} (You took it off a yaktaur on level 5 of
                  | the Vaults)
101992 | Depths:4 | Voluntarily entered the Abyss.
102389 | Abyss:2  | Learned a level 8 spell: Lehudib's Crystal Spear
102614 | Abyss:2  | Found a corrupted altar of Lugonu.
102994 | Abyss:3  | Reached skill level 1 in Necromancy
103188 | Abyss:3  | Found a corrupted altar of Lugonu.
103586 | Depths:4 | Escaped the Abyss
103595 | Depths:4 | Acquired the ring of the Original Sin {+Blink rElec rC+
                  | Will++}
103600 | Depths:4 | Voluntarily entered the Abyss.
103628 | Abyss:1  | Identified the +0 rapier "Suemaak" {freeze, Dex+6}
103919 | Abyss:3  | Found a corrupted altar of Lugonu.
103920 | Abyss:3  | Got an abyssal rune of Zot
103974 | Depths:4 | Escaped the Abyss
104029 | Pan      | Entered Pandemonium
104029 | Pan      | Noticed Fikoegep the pandemonium lord
104031 | Pan      | Killed Fikoegep the pandemonium lord
104113 | Pan      | Reached skill level 5 in Necromancy
104224 | Pan      | Learned a level 5 spell: Lee's Rapid Deconstruction
104765 | Pan      | Identified the +6 scimitar of the Radish {flame, rC- Will+
                  | SInv}
104854 | Pan      | Found a runed translucent door.
105914 | Pan      | Got a demonic rune of Zot
106409 | Pan      | Acquired the Handbook of Damaging Unholy Arts
106605 | Depths:3 | Escaped Pandemonium
106643 | Depths:3 | Bought Sif Muna's Catalogue of Glacial Clay for 462 gold
                  | pieces
106643 | Depths:3 | Bought the Handbook of Changing for 528 gold pieces
106892 | Orc:2    | Bought a scroll of amnesia for 35 gold pieces
106892 | Orc:2    | Bought a scroll of amnesia for 35 gold pieces
107124 | Hell     | Entered the Vestibule of Hell
107124 | Hell     | Noticed Geryon
107137 | Hell     | Killed Geryon
107589 | Hell     | Found a gateway to the ashen valley of Gehenna.
107678 | Hell     | Found a gateway to the Iron City of Dis.
107847 | Hell     | Found a gateway to the freezing wastes of Cocytus.
107985 | Hell     | Found a gateway to the decaying netherworld of Tartarus.
108176 | Geh:1    | Entered Level 1 of Gehenna
108708 | Depths:4 | Voluntarily entered the Abyss.
108813 | Abyss:1  | Reached skill level 10 in Transmutations
108936 | Depths:4 | Escaped the Abyss
108986 | Depths:4 | Voluntarily entered the Abyss.
108989 | Abyss:1  | Found a corrupted altar of Lugonu.
109548 | Abyss:1  | Found a corrupted altar of Lugonu.
109685 | Depths:4 | Escaped the Abyss
109766 | Depths:4 | Voluntarily entered the Abyss.
109951 | Abyss:2  | Found a corrupted altar of Lugonu.
109954 | Abyss:2  | Identified the +3 shortbow of Spite {flame, Str+8 Dex-4}
110004 | Depths:4 | Escaped the Abyss
110045 | Depths:4 | Voluntarily entered the Abyss.
110485 | Abyss:1  | Gained mutation: You occasionally shout uncontrollably at
                  | your foes. [a cacodemon]
110546 | Depths:4 | Escaped the Abyss
110605 | Depths:4 | Voluntarily entered the Abyss.
110626 | Abyss:1  | Found a shimmering blue altar of Sif Muna.
110709 | Depths:4 | Escaped the Abyss
110754 | Depths:4 | Voluntarily entered the Abyss.
110761 | Abyss:1  | Noticed a dread lich
110764 | Abyss:1  | Killed a dread lich
110846 | Abyss:1  | Found a corrupted altar of Lugonu.
110988 | Abyss:1  | Found a corrupted altar of Lugonu.
110993 | Abyss:1  | Found a corrupted altar of Lugonu.
111222 | Abyss:2  | Found a corrupted altar of Lugonu.
111549 | Depths:4 | Escaped the Abyss
111618 | Depths:4 | Voluntarily entered the Abyss.
111695 | Depths:4 | Escaped the Abyss
111738 | Depths:4 | Voluntarily entered the Abyss.
111929 | Depths:4 | Escaped the Abyss
111931 | Depths:4 | Voluntarily entered the Abyss.
112341 | Depths:4 | Escaped the Abyss
112526 | Depths:4 | Bought a scroll of fear for 66 gold pieces
112526 | Depths:4 | Bought a scroll of blinking for 142 gold pieces
112528 | Depths:4 | Voluntarily entered the Abyss.
112800 | Depths:4 | Escaped the Abyss
112911 | Pan      | Entered Pandemonium
113246 | Pan      | Found a huge runed translucent gate.
113251 | Pan      | Found a huge runed translucent gate.
113252 | Pan      | Found a huge runed translucent gate.
113252 | Pan      | Found a huge runed translucent gate.
113252 | Pan      | Found a huge runed translucent gate.
113252 | Pan      | Found a huge runed translucent gate.
113253 | Pan      | Found a huge runed translucent gate.
113255 | Pan      | Noticed Aginom Voiru the pandemonium lord
113258 | Pan      | Killed Aginom Voiru the pandemonium lord
113668 | Pan      | Reached skill level 10 in Necromancy
113960 | Pan      | Noticed Orpheezyha the pandemonium lord
113962 | Pan      | Killed Orpheezyha the pandemonium lord
114197 | Pan      | Learned a level 6 spell: Statue Form
114553 | Pan      | Noticed Tomachet the pandemonium lord
114670 | Pan      | Reached skill level 1 in Staves
115263 | Pan      | Reached skill level 10 in Dodging
115370 | Pan      | Identified the +12 glaive of Megalomania {vorpal, rC++
                  | SInv}
115707 | Pan      | Killed Tomachet the pandemonium lord
116150 | Pan      | Noticed Xime the pandemonium lord
116152 | Pan      | Killed Xime the pandemonium lord
117054 | Depths:3 | Escaped Pandemonium
117110 | Depths:4 | Bought a scroll of amnesia for 66 gold pieces
117110 | Depths:4 | Bought 3 scrolls of teleportation for 171 gold pieces
117174 | Pan      | Entered the realm of Mnoleg.
117174 | Pan      | Entered Pandemonium
117176 | Pan      | Noticed Mnoleg
117213 | Pan      | Paralysed by a floating eye for 4 turns
117217 | Pan      | Killed Mnoleg
117488 | Pan      | Reached skill level 5 in Staves
117613 | Pan      | Identified the amulet "Waoskae Zeett" {RegenMP Contam
                  | Int+8}
117715 | Pan      | Got a glowing rune of Zot
118254 | Pan      | Gained mutation: You are weak. (Str -2) [a neqoxec]
118256 | Pan      | Lost mutation: You occasionally shout uncontrollably at
                  | your foes. [potion of mutation]
118256 | Pan      | Gained mutation: You are resistant to electric shocks.
                  | (rElec) [potion of mutation]
118256 | Pan      | Gained mutation: One of your tentacles bears a spike.
                  | [potion of mutation]
118773 | Pan      | Gained mutation: You sometimes lose the ability to read
                  | scrolls when taking damage. [a cacodemon]
118775 | Pan      | Lost mutation: You are partially covered in iridescent
                  | scales. (AC +2) [potion of mutation]
118775 | Pan      | Lost mutation: One of your tentacles bears a spike. [potion
                  | of mutation]
118775 | Pan      | Lost mutation: You are resistant to electric shocks.
                  | (rElec) [potion of mutation]
118775 | Pan      | Gained mutation: Your mind is acute. (Int +2) [potion of
                  | mutation]
118776 | Pan      | Lost mutation: You sometimes lose the ability to read
                  | scrolls when taking damage. [potion of mutation]
118776 | Pan      | Lost mutation: You are weak. (Str -2) [potion of mutation]
118776 | Pan      | Lost mutation: Your mind is acute. (Int +2) [potion of
                  | mutation]
118776 | Pan      | Gained mutation: Your flesh is heat resistant. (rF+)
                  | [potion of mutation]
118860 | Pan      | Entered the realm of Lom Lobon.
118871 | Pan      | Identified the +4 hunting sling of the Pill Bug {venom,
                  | rElec}
119531 | Pan      | Noticed Lom Lobon
119541 | Pan      | Killed Lom Lobon
119663 | Pan      | Got a magical rune of Zot
119815 | Pan      | Noticed Maefeira the pandemonium lord
119818 | Pan      | Killed Maefeira the pandemonium lord
119956 | Pan      | Noticed Mennas
119974 | Pan      | Killed Mennas
120835 | Pan      | Found an exit through the horrors of the Abyss.
120842 | Pan      | Took an exit into the Abyss.
120842 | Abyss:1  | Escaped into the Abyss
120876 | Depths:3 | Escaped the Abyss
120878 | Depths:3 | Acquired 1108 gold pieces
120890 | Depths:3 | Learned a level 8 spell: Necromutation
120892 | Pan      | Entered Pandemonium
121132 | Pan      | Noticed Attesuci the pandemonium lord
121148 | Pan      | Killed Attesuci the pandemonium lord
121458 | Pan      | Reached skill level 15 in Transmutations
122412 | Pan      | Entered the realm of Gloorx Vloq.
122561 | Pan      | Noticed Gloorx Vloq
122573 | Pan      | Killed Gloorx Vloq
122750 | Pan      | Got a dark rune of Zot
123252 | Pan      | Acquired 948 gold pieces
123684 | Pan      | Entered the realm of Cerebov.
124092 | Pan      | Found the +6 sword of Cerebov {flame}
124092 | Pan      | Noticed Cerebov
124104 | Pan      | Killed Cerebov
124138 | Pan      | Identified the +2 scale mail "Jische" {Rampage +Inv Regen+
                  | Stlth+}
124141 | Pan      | Identified the +7 longbow of the Glimmering Seer {freeze,
                  | rElec MP+9 Int+3}
124341 | Pan      | Got a fiery rune of Zot
124543 | Pan      | Found an exit through the horrors of the Abyss.
124942 | Pan      | Noticed Fiuxemu the pandemonium lord
124944 | Pan      | Killed Fiuxemu the pandemonium lord
124945 | Pan      | Reached skill level 15 in Necromancy
125227 | Depths:3 | Escaped Pandemonium
125729 | Geh:2    | Reached skill level 1 in Evocations
127023 | Geh:4    | Reached skill level 10 in Staves
127748 | Geh:7    | Entered Level 7 of Gehenna
127794 | Geh:7    | Reached skill level 5 in Evocations
128352 | Geh:7    | Identified the +8 glaive of Bisal {vorpal, Drain rN+ Int+4}
128430 | Geh:7    | Found the +7 sceptre of Asmodeus
128430 | Geh:7    | Noticed Asmodeus
128438 | Geh:7    | Killed Asmodeus
128442 | Geh:7    | Found the +8 trident of the Octopus King {venom, rElec
                  | rPois Will+}
128450 | Geh:7    | Got an obsidian rune of Zot
128549 | Geh:7    | Found the +6 arbalest "Damnation" {damnation}
128742 | Dis:1    | Entered Level 1 of the Iron City of Dis
129755 | Dis:4    | Found a huge runed gate.
129755 | Dis:4    | Found a huge runed gate.
129755 | Dis:4    | Found a huge runed gate.
129755 | Dis:4    | Found a huge runed gate.
129758 | Dis:4    | Found a huge runed gate.
129769 | Dis:4    | Found a huge runed gate.
130069 | Dis:4    | Found a huge runed gate.
130959 | Dis:7    | Entered Level 7 of the Iron City of Dis
131700 | Dis:7    | Found the +4 staff of Dispater
131700 | Dis:7    | Noticed Dispater
131712 | Dis:7    | Killed Dispater
131743 | Dis:7    | Got an iron rune of Zot
131889 | Dis:7    | Noticed the Serpent of Hell
132090 | Tar:1    | Entered Level 1 of Tartarus
134108 | Tar:7    | Entered Level 7 of Tartarus
134316 | Tar:7    | Reached skill level 10 in Evocations
134482 | Tar:7    | Noticed an ancient lich
134486 | Tar:7    | Killed an ancient lich
134943 | Tar:7    | Noticed Ereshkigal
134947 | Tar:7    | Killed Ereshkigal
134970 | Tar:7    | Identified the +6 hand crossbow "Dufreyq" {penet, Fly
                  | Dex+3}
135034 | Tar:7    | Got a bone rune of Zot
135334 | Coc:1    | Entered Level 1 of Cocytus
136253 | Coc:6    | Reached skill level 27 in Fire Magic
137038 | Coc:7    | Entered Level 7 of Cocytus
140074 | Coc:7    | Reached skill level 10 in Throwing
140153 | Coc:7    | Noticed Antaeus
140163 | Coc:7    | Killed Antaeus
140181 | Coc:7    | Got an icy rune of Zot
140384 | Coc:7    | Identified the +8 scimitar "Hur Mop" {antimagic, rElec rC-
                  | Dex+3}
140840 | Depths:4 | Learned a level 9 spell: Shatter
140843 | Zig:1    | Entered Level 1 of a ziggurat
140860 | Zig:2    | Entered Level 2 of a ziggurat
140893 | Zig:3    | Entered Level 3 of a ziggurat
140912 | Zig:4    | Entered Level 4 of a ziggurat
140928 | Zig:4    | Identified the +10 plate armour of Anaesthesia {+Blink rC+
                  | Str+3 SInv}
140943 | Zig:5    | Entered Level 5 of a ziggurat
140984 | Zig:5    | Identified the +3 buckler of Uveasi {rF+ Int+5 Dex+2}
141005 | Zig:6    | Entered Level 6 of a ziggurat
141018 | Zig:6    | Identified the +3 chain mail of the Resonant Grue {Str+4
                  | Int+4}
141022 | Zig:6    | Identified the +8 shadow dragon scales "Laicegur" {Contam
                  | Rampage Regen+ Dex+3 Stlth++++}
141024 | Zig:6    | Identified the ring of Vecudghak {rC+ Dex+4}
141035 | Zig:7    | Entered Level 7 of a ziggurat
141039 | Zig:7    | Noticed a royal mummy
141049 | Zig:7    | Killed a royal mummy
141103 | Zig:8    | Entered Level 8 of a ziggurat
141159 | Zig:9    | Entered Level 9 of a ziggurat
141194 | Zig:9    | Identified the ring of Zenioq {rElec rC- rCorr Str-5 Int+9}
141196 | Zig:9    | Identified the +2 robe of Sif Muna's Regard {Dex+4}
141206 | Zig:10   | Entered Level 10 of a ziggurat
141212 | Zig:10   | Noticed a juggernaut
141213 | Zig:10   | Noticed a juggernaut
141214 | Zig:10   | Killed a juggernaut
141217 | Zig:10   | Killed a juggernaut
141271 | Zig:10   | Identified the ring "Biqeciut" {Fly rN+ rCorr MP-9 Dex+4}
141280 | Zig:11   | Entered Level 11 of a ziggurat
141287 | Zig:11   | Noticed a royal mummy
141299 | Zig:11   | Noticed a royal mummy
141300 | Zig:11   | Killed a royal mummy
141301 | Zig:11   | Killed a royal mummy
141305 | Zig:11   | Found the +7 sceptre of Torment {pain, torment}
141416 | Zig:11   | Identified the +7 hand crossbow of the Blind Eye {vorpal,
                  | Will- rCorr Str+7 SInv}
141440 | Zig:12   | Entered Level 12 of a ziggurat
141459 | Zig:12   | Reached skill level 15 in Dodging
141485 | Zig:12   | Identified the +9 glaive of the Twisting Hawk {vorpal,
                  | rElec}
141493 | Zig:12   | Identified the ring "Rylucois" {Fly rN+ Str-2 Dex+3}
141512 | Zig:13   | Entered Level 13 of a ziggurat
141523 | Zig:13   | Noticed Qinun the pandemonium lord
141527 | Zig:13   | Killed Qinun the pandemonium lord
141590 | Zig:13   | Identified the amulet of Poafelod {Spirit Int+4}
141638 | Zig:14   | Entered Level 14 of a ziggurat
141715 | Zig:14   | Identified the +7 dire flail of Kindness {vorpal, Str+4}
141752 | Zig:14   | Identified the +8 glaive of Ybbogeac {speed, rElec}
141763 | Zig:15   | Entered Level 15 of a ziggurat
141983 | Zig:16   | Entered Level 16 of a ziggurat
141993 | Zig:16   | Noticed a royal mummy
141994 | Zig:16   | Noticed a royal mummy
141997 | Zig:16   | Noticed a royal mummy
141997 | Zig:16   | Noticed a royal mummy
141998 | Zig:16   | Killed a royal mummy
141998 | Zig:16   | Noticed a royal mummy
141999 | Zig:16   | Killed a royal mummy
141999 | Zig:16   | Killed a royal mummy
141999 | Zig:16   | Noticed a royal mummy
142000 | Zig:16   | Killed a royal mummy
142006 | Zig:16   | Killed a royal mummy
142006 | Zig:16   | Killed a royal mummy
142023 | Zig:16   | Found the +10 morningstar "Eos" {elec, Halo rElec}
142125 | Zig:17   | Entered Level 17 of a ziggurat
142142 | Zig:17   | Found the +0 mask of the Dragon {Will+ Slay+3 SInv}
142208 | Zig:17   | Acquired the +9 staff of Wucad Mu {*channel}
142208 | Zig:17   | Found the +9 staff of Wucad Mu {*channel}
142344 | Zig:18   | Entered Level 18 of a ziggurat
142355 | Zig:18   | Noticed a juggernaut
142356 | Zig:18   | Noticed a juggernaut
142360 | Zig:18   | Killed a juggernaut
142363 | Zig:18   | Killed a juggernaut
142540 | Zig:18   | Identified the +4 long sword of Jeheu {flame, rElec rCorr
                  | MP-9 Int+2}
142619 | Zig:18   | Identified the +9 whip "Hyxtodink" {freeze, Fly Str-5
                  | Dex+2}
142622 | Zig:19   | Entered Level 19 of a ziggurat
142655 | Zig:19   | Found the +0 pair of fencer's gloves {Riposte Dex+3}
142807 | Zig:19   | Identified the +2 scale mail of Xokhlegg {Fly Will- Str+4
                  | Stlth+}
142814 | Zig:19   | Identified the +6 short sword "Fogyophi" {spect, rF- Str+8}
142821 | Zig:19   | Identified the +8 arbalest of Nedaa {speed, rF+ Int+4}
142828 | Zig:19   | Identified the +5 scale mail "Plog" {Harm rPois Int+2 SInv}
142840 | Zig:20   | Entered Level 20 of a ziggurat
142857 | Zig:20   | Reached skill level 15 in Evocations
143065 | Zig:20   | Identified the ring of Hohaigew {Int+6 SInv Stlth+}
143097 | Zig:20   | Identified the +3 glaive of the Turnip {vorpal, MP+9 Dex+7
                  | SInv Stlth-}
143136 | Zig:20   | Acquired 661 gold pieces
143139 | Zig:21   | Entered Level 21 of a ziggurat
143475 | Zig:21   | Found the +7 Spriggan's Knife {stab, EV+4 Stlth+}
143476 | Zig:21   | Found the +15 Maxwell's patent armour {-Cast -Tele rElec
                  | Will+ rCorr}
143487 | Zig:21   | Identified the +3 whip of Oozing Pus {protect, Contam rPois
                  | rF++}
143493 | Zig:21   | Identified the +2 pair of gloves of Reason {Rampage +Blink
                  | rPois Str-3}
143595 | Zig:22   | Entered Level 22 of a ziggurat
143641 | Zig:22   | Found the +1 cloak of Starlight {*Dazzle EV+4 Stlth--}
143802 | Zig:22   | Got Sickad's Almanac of Torrid Moulding
143816 | Zig:22   | Got the Guide on the Snowflakes
143822 | Zig:22   | Identified the +9 mace of Trauma {flame, +Blink rC+ Int+4}
143824 | Zig:22   | Reached skill level 27 in Conjurations
143826 | Zig:22   | Reached skill level 27 in Spellcasting
143828 | Zig:23   | Entered Level 23 of a ziggurat
143842 | Zig:23   | Reached skill level 15 in Throwing
143853 | Zig:23   | Noticed Qukirik the pandemonium lord
143857 | Zig:23   | Killed Qukirik the pandemonium lord
144071 | Zig:23   | Got the Catalogue of the Igneous Escort
144075 | Zig:23   | Got the Tome of Infinity
144083 | Zig:23   | Identified the +7 morningstar of a treasure trove {elec,
                  | rPois Str+3}
144108 | Zig:23   | Reached skill level 27 in Fighting
144119 | Zig:23   | Learned a level 8 spell: Borgnjor's Revivification
144120 | Zig:24   | Entered Level 24 of a ziggurat
144143 | Zig:24   | Noticed a juggernaut
144144 | Zig:24   | Noticed a juggernaut
144144 | Zig:24   | Noticed a juggernaut
144144 | Zig:24   | Found the +8 demon trident "Rift" {distort, reach+}
144144 | Zig:24   | Noticed a juggernaut
144144 | Zig:24   | Noticed a juggernaut
144145 | Zig:24   | Noticed a juggernaut
144146 | Zig:24   | Killed a juggernaut
144146 | Zig:24   | Killed a juggernaut
144146 | Zig:24   | Noticed a juggernaut
144146 | Zig:24   | Noticed a juggernaut
144147 | Zig:24   | Noticed a juggernaut
144147 | Zig:24   | Killed a juggernaut
144147 | Zig:24   | Killed a juggernaut
144147 | Zig:24   | Killed a juggernaut
144147 | Zig:24   | Killed a juggernaut
144149 | Zig:24   | Found the +3 robe of Clouds {+Thunder rCloud rElec}
144151 | Zig:24   | Killed a juggernaut
144151 | Zig:24   | Killed a juggernaut
144153 | Zig:24   | Killed a juggernaut
144162 | Zig:24   | Identified the +12 whip of the Realm of Zot {vamp, Dex+2
                  | SInv}
144167 | Zig:24   | Identified the +1 robe "Heodet" {rF+ Str+2}
144236 | Zig:24   | Identified the +2 ring mail of Oblivion {Harm rN++ Str-4
                  | Int+10}
144435 | Zig:24   | Identified the +0 buckler of Tamaxte {*Slow rPois Dex+6}
144437 | Zig:24   | Identified the +8 war axe of the Hills {elec, rElec rCorr}
144450 | Zig:25   | Entered Level 25 of a ziggurat
144709 | Zig:25   | Identified the amulet "Cesose" {RegenMP rN+ Int+4}
144711 | Zig:25   | Identified the +5 chain mail of the Thirsty Invaders {rPois
                  | rCorr MP-9}
144745 | Zig:25   | Identified the +0 scale mail of Xecebinu {rF- rN+ Will++
                  | rCorr}
144751 | Zig:25   | Identified the +8 long sword "Trog's Anger" {vamp, Int+2}
144754 | Zig:26   | Entered Level 26 of a ziggurat
144778 | Zig:26   | Noticed Wupaorid the pandemonium lord
144784 | Zig:26   | Killed Wupaorid the pandemonium lord
145283 | Zig:26   | Identified the +1 hand crossbow "Gram" {elec, rElec rN++
                  | Int+3}
145286 | Zig:26   | Identified the +5 scale mail of Unreason {rC+ Stlth+}
145297 | Zig:27   | Entered Level 27 of a ziggurat
145517 | Zig:27   | Found the +7 great mace "Undeadhunter" {disrupt, rN+}
145759 | Zig:27   | Identified the +3 leather armour of the Invisible Hand
                  | {Str+3}
145760 | Zig:27   | Identified the quicksilver dragon scales of the Cicada {rF+
                  | Will+}
145775 | Depths:4 | Reached skill level 27 in Earth Magic
145803 | Zig:1    | Entered Level 1 of a ziggurat
145821 | Zig:2    | Entered Level 2 of a ziggurat
145840 | Zig:3    | Entered Level 3 of a ziggurat
145852 | Zig:3    | Identified the ring of Dynnugg {rPois rF+ Int+3 Dex+6}
145863 | Zig:4    | Entered Level 4 of a ziggurat
145898 | Zig:5    | Entered Level 5 of a ziggurat
145921 | Zig:5    | Identified the +7 lajatang "Kiodid" {vorpal, rC+++ Str-2
                  | Dex+8}
145925 | Zig:5    | Identified the +5 hand axe "Orithadu" {pain, +Rage rPois}
145944 | Zig:6    | Entered Level 6 of a ziggurat
145947 | Zig:6    | Noticed Miawi the pandemonium lord
145949 | Zig:6    | Killed Miawi the pandemonium lord
145974 | Zig:6    | Identified the +1 leather armour of Old and Reckless {Fly
                  | rN+ SInv}
145978 | Zig:6    | Got the Tome of Twisted Weightlessness
145993 | Zig:7    | Entered Level 7 of a ziggurat
146044 | Zig:8    | Entered Level 8 of a ziggurat
146048 | Zig:8    | Noticed an ancient lich
146049 | Zig:8    | Killed an ancient lich
146051 | Zig:8    | Reached skill level 15 in Staves
146096 | Zig:8    | Identified the amulet of the Morning {Faith rElec rPois
                  | rF-}
146098 | Zig:8    | Identified the +5 ring mail "Ytuo" {Str+2}
146101 | Zig:8    | Identified the +0 chain mail of the Gravedigger {rC++
                  | Stlth+}
146125 | Zig:9    | Entered Level 9 of a ziggurat
146274 | Zig:9    | Identified the +1 mace of Uskayaw {freeze, rElec}
146294 | Zig:10   | Entered Level 10 of a ziggurat
146301 | Zig:10   | Noticed an ancient lich
146302 | Zig:10   | Noticed a dread lich
146303 | Zig:10   | Killed an ancient lich
146304 | Zig:10   | Killed a dread lich
146381 | Zig:10   | Identified the +9 lajatang of Fedhas's Supremacy {elec,
                  | rCorr MP+9 SInv}
146385 | Zig:10   | Identified the +6 quarterstaff of Reason {freeze, Stlth+}
146407 | Zig:11   | Entered Level 11 of a ziggurat
146536 | Zig:11   | Identified the +0 ring mail of Qezahaic {Rampage Will+
                  | Regen+ Int+4}
146559 | Zig:11   | Identified the +7 quarterstaff "Ukocu" {vorpal, rPois Will-
                  | SInv}
146618 | Zig:12   | Entered Level 12 of a ziggurat
146632 | Zig:12   | Found the +8 autumn katana {vorpal, Clar}
146725 | Zig:12   | Identified the amulet of Hard Scrabble {Acrobat Regen+ MP+9
                  | Str+8 Slay-3}
146769 | Zig:13   | Entered Level 13 of a ziggurat
146780 | Zig:13   | Noticed a dread lich
146781 | Zig:13   | Noticed a dread lich
146782 | Zig:13   | Noticed an ancient lich
146783 | Zig:13   | Killed a dread lich
146783 | Zig:13   | Killed a dread lich
146783 | Zig:13   | Killed an ancient lich
146784 | Zig:13   | Noticed a dread lich
146786 | Zig:13   | Killed a dread lich
146868 | Zig:13   | Identified the +3 broad axe "Ontigohi" {antimagic, +Rage
                  | rF+ rC+}
146886 | Zig:13   | Identified the +8 glaive of Disharmony {antimagic, Fragile
                  | Int+4 SInv}
146905 | Zig:14   | Entered Level 14 of a ziggurat
146917 | Zig:14   | Noticed Vunk the pandemonium lord
146917 | Zig:14   | Noticed Naoc the pandemonium lord
146918 | Zig:14   | Noticed Zehusoji the pandemonium lord
146918 | Zig:14   | Noticed Exennoe the pandemonium lord
146921 | Zig:14   | Noticed Dulodut the pandemonium lord
146921 | Zig:14   | Noticed Fethuhua the pandemonium lord
146921 | Zig:14   | Noticed Xify the pandemonium lord
146922 | Zig:14   | Noticed Yrphimma the pandemonium lord
146922 | Zig:14   | Noticed Ifesk the pandemonium lord
146923 | Zig:14   | Killed Naoc the pandemonium lord
146923 | Zig:14   | Killed Ifesk the pandemonium lord
146923 | Zig:14   | Killed Yrphimma the pandemonium lord
146923 | Zig:14   | Killed Dulodut the pandemonium lord
146924 | Zig:14   | Killed Vunk the pandemonium lord
146925 | Zig:14   | Killed Exennoe the pandemonium lord
146925 | Zig:14   | Killed Fethuhua the pandemonium lord
146926 | Zig:14   | Noticed Qepeg the pandemonium lord
146927 | Zig:14   | Killed Zehusoji the pandemonium lord
146936 | Zig:14   | Killed Xify the pandemonium lord
146947 | Zig:14   | Killed Qepeg the pandemonium lord
147116 | Zig:14   | Acquired 962 gold pieces
147168 | Zig:15   | Entered Level 15 of a ziggurat
147182 | Zig:15   | Noticed Ynihesch the pandemonium lord
147189 | Zig:15   | Killed Ynihesch the pandemonium lord
147341 | Zig:15   | Acquired a manual of Translocations
147343 | Zig:15   | Acquired 817 gold pieces
147350 | Zig:16   | Entered Level 16 of a ziggurat
147368 | Zig:16   | Noticed Dajuuti the pandemonium lord
147374 | Zig:16   | Killed Dajuuti the pandemonium lord
147647 | Zig:16   | Identified the +3 war axe "Hydraslayer" {vorpal, +Blink
                  | Will+++ Int-2}
147656 | Zig:17   | Entered Level 17 of a ziggurat
147817 | Zig:17   | Found the brooch of Shielding {Spirit SH+8}
147891 | Zig:17   | Identified the +0 scale mail of Dyspraxia {Rampage rF+ rC+
                  | Int+4}
147897 | Zig:17   | Identified the +8 triple sword of Equilibrium {pain, rF+
                  | Int+2 SInv}
147923 | Zig:18   | Entered Level 18 of a ziggurat
147936 | Zig:18   | Noticed a royal mummy
147940 | Zig:18   | Killed a royal mummy
147940 | Zig:18   | Noticed a royal mummy
147941 | Zig:18   | Noticed a royal mummy
147942 | Zig:18   | Noticed a royal mummy
147942 | Zig:18   | Noticed a royal mummy
147946 | Zig:18   | Killed a royal mummy
147946 | Zig:18   | Killed a royal mummy
147947 | Zig:18   | Killed a royal mummy
147948 | Zig:18   | Killed a royal mummy
148184 | Zig:18   | Identified the +12 falchion "Juoghoer" {vorpal, rElec
                  | Will+}
148185 | Zig:18   | Identified the +6 plate armour "Ykloesuf" {Regen+}
148189 | Zig:18   | Acquired a manual of Throwing
148325 | Zig:19   | Entered Level 19 of a ziggurat
148339 | Zig:19   | Noticed a juggernaut
148340 | Zig:19   | Noticed a juggernaut
148342 | Zig:19   | Killed a juggernaut
148347 | Zig:19   | Killed a juggernaut
148440 | Zig:19   | Found the +5 demon whip "Spellbinder" {antimagic, Will+}
148564 | Zig:19   | Identified the +1 scale mail of the Thirteen Wars {Str+7}
148594 | Zig:19   | Identified the +0 buckler of Tauhead {Regen+ Int+4}
148664 | Zig:20   | Entered Level 20 of a ziggurat
148930 | Zig:21   | Entered Level 21 of a ziggurat
148944 | Zig:21   | Noticed a juggernaut
148946 | Zig:21   | Noticed a juggernaut
148946 | Zig:21   | Noticed a juggernaut
148947 | Zig:21   | Killed a juggernaut
148948 | Zig:21   | Killed a juggernaut
148948 | Zig:21   | Killed a juggernaut
148948 | Zig:21   | Noticed a juggernaut
148949 | Zig:21   | Noticed a juggernaut
148949 | Zig:21   | Noticed a juggernaut
148950 | Zig:21   | Killed a juggernaut
148950 | Zig:21   | Killed a juggernaut
148951 | Zig:21   | Killed a juggernaut
149092 | Zig:21   | Identified the ring "Wisaqim" {Wiz rF+ Int+4 Dex+3 Stlth-}
149273 | Zig:22   | Entered Level 22 of a ziggurat
149302 | Zig:22   | Reached skill level 27 in Necromancy
149302 | Zig:22   | Reached skill level 27 in Transmutations
149461 | Zig:22   | Identified the +1 cloak of the Four of Wands {rCorr Str+6}
149477 | Zig:22   | Identified the +4 helmet of Ru's Righteous Fury {rElec
                  | Str-2 Int+8 Dex-5}
149534 | Zig:22   | Identified the +9 short sword of Ziupn {venom, *Rage +Rage
                  | Will+ Str+6}
149536 | Zig:22   | Identified the +8 dagger of Karma {drain, rElec}
149540 | Zig:22   | Identified the ring "Awiymm" {Dex+2 SInv}
149584 | Zig:23   | Entered Level 23 of a ziggurat
149716 | Zig:23   | Found the +3 sling "Punk" {acid, rCorr}
149718 | Zig:23   | Found the +4 robe of Augmentation {Str+4 Int+4 Dex+4}
150028 | Zig:24   | Entered Level 24 of a ziggurat
150058 | Zig:24   | Noticed Non Veterer the pandemonium lord
150059 | Zig:24   | Noticed Heigup the pandemonium lord
150059 | Zig:24   | Noticed Piuseulo the pandemonium lord
150059 | Zig:24   | Noticed Fucvy the pandemonium lord
150059 | Zig:24   | Noticed Jouniaf the pandemonium lord
150059 | Zig:24   | Noticed Juntinai the pandemonium lord
150059 | Zig:24   | Noticed Letich the pandemonium lord
150060 | Zig:24   | Noticed Uguenu Zote the pandemonium lord
150061 | Zig:24   | Killed Letich the pandemonium lord
150061 | Zig:24   | Noticed Wean the pandemonium lord
150061 | Zig:24   | Noticed Zouddure the pandemonium lord
150062 | Zig:24   | Reached skill level 1 in Axes
150062 | Zig:24   | Noticed Ecasmint the pandemonium lord
150062 | Zig:24   | Noticed Ruyjorr the pandemonium lord
150062 | Zig:24   | Noticed Mosong the pandemonium lord
150062 | Zig:24   | Noticed Sokkoyl the pandemonium lord
150062 | Zig:24   | Noticed Xokais the pandemonium lord
150064 | Zig:24   | Noticed Oxiroam the pandemonium lord
150065 | Zig:24   | Noticed Coann the pandemonium lord
150066 | Zig:24   | Killed Mosong the pandemonium lord
150066 | Zig:24   | Killed Zouddure the pandemonium lord
150066 | Zig:24   | Killed Jouniaf the pandemonium lord
150066 | Zig:24   | Noticed Tiylenn the pandemonium lord
150067 | Zig:24   | Noticed Kaumom the pandemonium lord
150067 | Zig:24   | Killed Xokais the pandemonium lord
150067 | Zig:24   | Killed Tiylenn the pandemonium lord
150067 | Zig:24   | Killed Wean the pandemonium lord
150067 | Zig:24   | Killed Ecasmint the pandemonium lord
150068 | Zig:24   | Found the +8 orange crystal plate armour {Archmagi, Int+3
                  | Clar}
150071 | Zig:24   | Killed Kaumom the pandemonium lord
150071 | Zig:24   | Killed Juntinai the pandemonium lord
150072 | Zig:24   | Reached skill level 5 in Axes
150079 | Zig:24   | Killed Non Veterer the pandemonium lord
150079 | Zig:24   | Killed Ruyjorr the pandemonium lord
150083 | Zig:24   | Killed Fucvy the pandemonium lord
150084 | Zig:24   | Killed Oxiroam the pandemonium lord
150084 | Zig:24   | Killed Uguenu Zote the pandemonium lord
150085 | Zig:24   | Killed Heigup the pandemonium lord
150087 | Zig:24   | Killed Coann the pandemonium lord
150087 | Zig:24   | Killed Sokkoyl the pandemonium lord
150095 | Zig:24   | Killed Piuseulo the pandemonium lord
150469 | Zig:24   | Identified the amulet "Siseas" {Acrobat rPois MP+9 Int-3
                  | Slay+4}
150568 | Zig:24   | Identified the +5 spear of Taxation {flame, rN+}
150569 | Zig:24   | Identified the ring "Quleq" {rElec EV+4 Str+4 Dex-5 SInv}
150573 | Zig:24   | Identified the ring of Yfuxte {Fly rElec rN+ Slay+3}
150617 | Zig:25   | Entered Level 25 of a ziggurat
150955 | Zig:25   | Identified the ring "Uzidd" {AC+4 Str+4}
151047 | Zig:25   | Reached skill level 10 in Axes
151060 | Zig:25   | Learned a level 8 spell: Infestation
151074 | Zig:26   | Entered Level 26 of a ziggurat
151576 | Zig:26   | Identified the +7 short sword of Instant Death {drain,
                  | Str+2 Dex+5}
151580 | Zig:26   | Identified the +8 short sword "Qighol" {flame, Int+4}
151587 | Zig:27   | Entered Level 27 of a ziggurat
152113 | Zig:27   | Identified the ring of Gamuno {rElec rF+ rCorr Str+5 Dex+3}
152122 | Zig:27   | Identified the +1 ring mail of Neemijenn {Harm Dex-2
                  | Stlth+}
152200 | Zig:1    | Entered Level 1 of a ziggurat
152217 | Zig:2    | Entered Level 2 of a ziggurat
152248 | Zig:3    | Entered Level 3 of a ziggurat
152327 | Zig:3    | Identified the +3 cloak "Neowije" {Rampage Drain +Blink
                  | rN++}
152340 | Zig:4    | Entered Level 4 of a ziggurat
152386 | Zig:5    | Entered Level 5 of a ziggurat
152387 | Zig:5    | Noticed Jeantuh the pandemonium lord
152390 | Zig:5    | Reached skill level 15 in Axes
152391 | Zig:5    | Killed Jeantuh the pandemonium lord
152471 | Zig:5    | Identified the +1 war axe "Mekhlaj" {speed, rC+}
152490 | Zig:5    | Identified the amulet "Festram" {rPois Regen+}
152499 | Zig:6    | Entered Level 6 of a ziggurat
152553 | Zig:6    | Identified the amulet of Bykhuf {Will++ Regen+}
152583 | Zig:6    | Identified the +9 demon whip "Ogreslayer" {vamp, rC- rN++
                  | rCorr Int+4}
152596 | Zig:7    | Entered Level 7 of a ziggurat
152602 | Zig:7    | Noticed a dread lich
152603 | Zig:7    | Noticed an ancient lich
152603 | Zig:7    | Found the +11 plutonium sword {Contam Stlth-}
152603 | Zig:7    | Noticed an ancient lich
152604 | Zig:7    | Noticed an ancient lich
152605 | Zig:7    | Killed an ancient lich
152606 | Zig:7    | Killed a dread lich
152606 | Zig:7    | Killed an ancient lich
152606 | Zig:7    | Killed an ancient lich
152641 | Zig:7    | Identified the +8 mace of Zyheqo {vorpal, Int+2}
152653 | Zig:8    | Entered Level 8 of a ziggurat
152659 | Zig:8    | Noticed an orb of fire
152659 | Zig:8    | Noticed an orb of fire
152660 | Zig:8    | Noticed an orb of fire
152667 | Zig:8    | Killed an orb of fire
152667 | Zig:8    | Killed an orb of fire
152667 | Zig:8    | Killed an orb of fire
152792 | Zig:8    | Identified the +9 scimitar of Inflation {vorpal, *Noise rC+
                  | Str+4 Dex+4}
152801 | Zig:9    | Entered Level 9 of a ziggurat
152812 | Zig:9    | Noticed Feum the pandemonium lord
152812 | Zig:9    | Killed Feum the pandemonium lord
152953 | Zig:10   | Entered Level 10 of a ziggurat
153107 | Zig:11   | Entered Level 11 of a ziggurat
153238 | Zig:11   | Identified the +2 trident of the Reaper {vorpal, Int+7}
153239 | Zig:11   | Identified the ring "Vuyrch Awya" {rC+ AC+4}
153303 | Zig:12   | Entered Level 12 of a ziggurat
153507 | Zig:13   | Entered Level 13 of a ziggurat
153694 | Zig:14   | Entered Level 14 of a ziggurat
153706 | Zig:14   | Noticed a royal mummy
153707 | Zig:14   | Noticed a royal mummy
153709 | Zig:14   | Noticed a royal mummy
153710 | Zig:14   | Killed a royal mummy
153711 | Zig:14   | Noticed a royal mummy
153712 | Zig:14   | Killed a royal mummy
153712 | Zig:14   | Noticed a royal mummy
153713 | Zig:14   | Noticed a royal mummy
153714 | Zig:14   | Killed a royal mummy
153714 | Zig:14   | Killed a royal mummy
153714 | Zig:14   | Killed a royal mummy
153715 | Zig:14   | Killed a royal mummy
153715 | Zig:14   | Noticed a royal mummy
153717 | Zig:14   | Killed a royal mummy
153827 | Zig:14   | Identified the +9 morningstar of Death {flame, Will++}
153949 | Zig:15   | Entered Level 15 of a ziggurat
154067 | Zig:15   | Identified the amulet "Leock" {RegenMP rElec Int+3 Dex+4
                  | SInv}
154147 | Zig:16   | Entered Level 16 of a ziggurat
154163 | Zig:16   | Noticed a juggernaut
154165 | Zig:16   | Reached skill level 10 in Stealth
154167 | Zig:16   | Killed a juggernaut
154348 | Zig:16   | Identified the ring of Recklessness {+Blink rN+ Str-2 Int+2
                  | SInv}
154402 | Zig:16   | Identified the +3 long sword of Qowogh {vamp, rPois rN+
                  | Str+2}
154406 | Zig:17   | Entered Level 17 of a ziggurat
154427 | Zig:17   | Found the +0 staff of Battle
154490 | Zig:17   | Identified the ring "Etonk" {Int+2 Dex+6}
154498 | Zig:17   | Identified the ring "Juofezxuud" {rPois rC- Str+2 Int+3}
154632 | Zig:17   | Acquired 1107 gold pieces
154633 | Zig:17   | Acquired 817 gold pieces
154650 | Zig:17   | Identified the +6 shortbow of Crusades {freeze, rF+ Str+3}
154656 | Zig:18   | Entered Level 18 of a ziggurat
154885 | Zig:18   | Identified the ring of Lales {rCorr Int+3}
154905 | Zig:19   | Entered Level 19 of a ziggurat
154918 | Zig:19   | Noticed a royal mummy
154918 | Zig:19   | Noticed a royal mummy
154918 | Zig:19   | Noticed a royal mummy
154918 | Zig:19   | Noticed a royal mummy
154920 | Zig:19   | Noticed a royal mummy
154921 | Zig:19   | Killed a royal mummy
154921 | Zig:19   | Killed a royal mummy
154921 | Zig:19   | Killed a royal mummy
154922 | Zig:19   | Killed a royal mummy
154923 | Zig:19   | Noticed a royal mummy
154923 | Zig:19   | Noticed a royal mummy
154924 | Zig:19   | Killed a royal mummy
154924 | Zig:19   | Noticed a royal mummy
154924 | Zig:19   | Noticed a royal mummy
154927 | Zig:19   | Killed a royal mummy
154927 | Zig:19   | Noticed a royal mummy
154928 | Zig:19   | Noticed a royal mummy
154928 | Zig:19   | Noticed a royal mummy
154929 | Zig:19   | Noticed a royal mummy
154930 | Zig:19   | Killed a royal mummy
154930 | Zig:19   | Killed a royal mummy
154930 | Zig:19   | Killed a royal mummy
154930 | Zig:19   | Killed a royal mummy
154931 | Zig:19   | Reached skill level 15 in Stealth
154931 | Zig:19   | Killed a royal mummy
154931 | Zig:19   | Killed a royal mummy
154933 | Zig:19   | Killed a royal mummy
155074 | Zig:19   | Identified the ring of Spring {rElec rN+ rCorr SInv}
155081 | Zig:19   | Identified the +2 lajatang of the Real Monster {freeze, Fly
                  | rCorr}
155228 | Zig:20   | Entered Level 20 of a ziggurat
155258 | Zig:20   | Found the +9 scales of the Dragon King {rPois rF+ rC+
                  | Will+}
155471 | Zig:20   | Identified the ring "Dawkiast" {rCorr Dex+4}
155544 | Zig:20   | Identified the +0 scale mail "Renugh" {Harm rF- rCorr}
155546 | Zig:20   | Lost mutation: You are agile. (Dex +2) [potion of mutation]
155546 | Zig:20   | Lost mutation: Your flesh is heat resistant. (rF+) [potion
                  | of mutation]
155546 | Zig:20   | Gained mutation: Your magical capacity is low. (-10% MP)
                  | [potion of mutation]
155546 | Zig:20   | Gained mutation: You occasionally shout uncontrollably at
                  | your foes. [potion of mutation]
155547 | Zig:20   | Lost mutation: You occasionally shout uncontrollably at
                  | your foes. [potion of mutation]
155547 | Zig:20   | Gained mutation: Your flesh is cold resistant. (rC+)
                  | [potion of mutation]
155547 | Zig:20   | Gained mutation: You possess an exceptional clarity of
                  | mind. [potion of mutation]
155547 | Zig:20   | Lost mutation: Your flesh is cold resistant. (rC+) [potion
                  | of mutation]
155547 | Zig:20   | Gained mutation: You evolve. [potion of mutation]
155548 | Zig:20   | Lost mutation: Your magical capacity is low. (-10% MP)
                  | [potion of mutation]
155548 | Zig:20   | Lost mutation: You evolve. [potion of mutation]
155548 | Zig:20   | Gained mutation: You are agile. (Dex +2) [potion of
                  | mutation]
155548 | Zig:20   | Gained mutation: You are partially covered in large bone
                  | plates. (SH +4) [potion of mutation]
155558 | Zig:21   | Entered Level 21 of a ziggurat
155570 | Zig:21   | Noticed a juggernaut
155579 | Zig:21   | Killed a juggernaut
155637 | Zig:21   | Acquired 1084 gold pieces
155640 | Zig:21   | Identified the ring "Ciyges" {Slay+5 SInv}
155681 | Zig:21   | Identified the -4 pair of boots of Dinuab {rElec rPois}
155902 | Zig:22   | Entered Level 22 of a ziggurat
155916 | Zig:22   | Noticed an ancient lich
155916 | Zig:22   | Noticed a dread lich
155918 | Zig:22   | Noticed a dread lich
155919 | Zig:22   | Killed a dread lich
155919 | Zig:22   | Killed an ancient lich
155920 | Zig:22   | Killed a dread lich
155920 | Zig:22   | Noticed an ancient lich
155921 | Zig:22   | Reached skill level 27 in Evocations
155921 | Zig:22   | Noticed an ancient lich
155921 | Zig:22   | Noticed an ancient lich
155924 | Zig:22   | Noticed a dread lich
155925 | Zig:22   | Killed a dread lich
155926 | Zig:22   | Noticed an ancient lich
155926 | Zig:22   | Noticed a dread lich
155927 | Zig:22   | Killed an ancient lich
155927 | Zig:22   | Killed an ancient lich
155927 | Zig:22   | Noticed an ancient lich
155932 | Zig:22   | Killed an ancient lich
155932 | Zig:22   | Killed a dread lich
155933 | Zig:22   | Killed an ancient lich
155933 | Zig:22   | Killed an ancient lich
156153 | Zig:22   | Identified the ring "Reor Wya" {Contam Str+5 Dex+6 Slay+4}
156154 | Zig:22   | Identified the amulet "Tezeex" {Faith Regen+ Str+3}
156201 | Zig:22   | Identified the +9 hunting sling "Xano" {venom, Fly Str-4
                  | Int+4 Dex+7}
156203 | Zig:23   | Entered Level 23 of a ziggurat
156352 | Zig:23   | Found the ring of Shadows {Umbra +Inv Stlth+}
156362 | Zig:23   | Found the +6 Majin-Bo {vamp, MP+6 Int+6}
156384 | Zig:23   | Identified the ring of Axorif {*Corrode rF+ rC+ Str+4
                  | Int+2}
156592 | Zig:23   | Acquired 626 gold pieces
156657 | Zig:23   | Identified the +7 hand crossbow of Beogh's Benevolence
                  | {penet, rElec rPois rC+ Dex+2}
156662 | Zig:24   | Entered Level 24 of a ziggurat
156686 | Zig:24   | Found the +3 salamander hide armour {Flames rF++ rC--}
156936 | Zig:24   | Identified the ring of Guel {rPois rF+ rN+ Str-4 SInv}
156994 | Zig:25   | Entered Level 25 of a ziggurat
157019 | Zig:25   | Found the macabre finger necklace {rN+}
157122 | Zig:25   | Identified the +1 bardiche of Jafom {drain, rC+ Dex+4
                  | Stlth+}
157408 | Zig:26   | Entered Level 26 of a ziggurat
157432 | Zig:26   | Reached skill level 27 in Throwing
157432 | Zig:26   | Reached skill level 27 in Shields
157438 | Zig:26   | Found the +6 lightning scales {swift, rElec}
157646 | Zig:26   | Identified the ring of Compulsion {Wiz rElec Slay+5 SInv
                  | Stlth-}
157670 | Zig:26   | Identified the ring "Lubieli" {*Slow rPois rC+ rN+ Stlth+}
157693 | Zig:26   | Identified the amulet of Zonesag {Reflect -Tele Harm rPois
                  | rN+ SH+5}
157713 | Zig:26   | Identified the +7 demon blade of Honour {drain, Int+5
                  | Stlth+}
157831 | Zig:27   | Entered Level 27 of a ziggurat
157850 | Zig:27   | Noticed a juggernaut
157850 | Zig:27   | Noticed a juggernaut
157850 | Zig:27   | Noticed a juggernaut
157850 | Zig:27   | Noticed a juggernaut
157850 | Zig:27   | Noticed a juggernaut
157850 | Zig:27   | Noticed a juggernaut
157851 | Zig:27   | Noticed a juggernaut
157851 | Zig:27   | Killed a juggernaut
157852 | Zig:27   | Reached skill level 27 in Dodging
157852 | Zig:27   | Killed a juggernaut
157852 | Zig:27   | Killed a juggernaut
157852 | Zig:27   | Killed a juggernaut
157852 | Zig:27   | Killed a juggernaut
157852 | Zig:27   | Killed a juggernaut
157852 | Zig:27   | Noticed a juggernaut
157852 | Zig:27   | Noticed a juggernaut
157853 | Zig:27   | Killed a juggernaut
157853 | Zig:27   | Noticed a juggernaut
157853 | Zig:27   | Noticed a juggernaut
157853 | Zig:27   | Noticed a juggernaut
157854 | Zig:27   | Noticed a juggernaut
157854 | Zig:27   | Noticed a juggernaut
157854 | Zig:27   | Noticed a juggernaut
157856 | Zig:27   | Noticed a juggernaut
157857 | Zig:27   | Killed a juggernaut
157857 | Zig:27   | Killed a juggernaut
157857 | Zig:27   | Killed a juggernaut
157858 | Zig:27   | Reached skill level 10 in Ice Magic
157858 | Zig:27   | Killed a juggernaut
157858 | Zig:27   | Killed a juggernaut
157858 | Zig:27   | Killed a juggernaut
157858 | Zig:27   | Killed a juggernaut
157858 | Zig:27   | Killed a juggernaut
157858 | Zig:27   | Killed a juggernaut
158022 | Zig:27   | Identified the amulet "Vozaor" {RegenMP Dex+6 Slay+2}
158048 | Zig:27   | Identified the +1 robe of Philately {Rampage Str+4}
158050 | Zig:27   | Acquired 1109 gold pieces
158062 | Zig:27   | Identified the ring "Gaucash" {Will+ rCorr Str+6 Dex+2}
158164 | Zig:27   | Learned a level 4 spell: Summon Lightning Spire
158582 | Tomb:1   | Entered Level 1 of the Tomb of the Ancients
158715 | Tomb:1   | Noticed a royal mummy
158721 | Tomb:1   | Killed a royal mummy
158721 | Tomb:1   | Noticed a royal mummy
158722 | Tomb:1   | Reached skill level 1 in Summonings
158722 | Tomb:1   | Reached skill level 1 in Air Magic
158724 | Tomb:1   | Killed a royal mummy
158725 | Tomb:1   | Noticed a royal mummy
158728 | Tomb:1   | Killed a royal mummy
158794 | Tomb:2   | Noticed a royal mummy
158797 | Tomb:2   | Noticed a royal mummy
158800 | Tomb:2   | Noticed a royal mummy
158805 | Tomb:2   | Noticed a royal mummy
158832 | Tomb:3   | Entered Level 3 of the Tomb of the Ancients
158839 | Tomb:3   | Noticed a royal mummy
158843 | Tomb:3   | Noticed a royal mummy
158844 | Tomb:3   | Noticed a royal mummy
158844 | Tomb:3   | Killed a royal mummy
158845 | Tomb:3   | Noticed a royal mummy
158849 | Tomb:3   | Noticed Boris
158849 | Tomb:3   | Killed a royal mummy
158856 | Tomb:3   | Noticed a royal mummy
158860 | Tomb:3   | Your ally died
158862 | Tomb:3   | Reached skill level 5 in Air Magic
158862 | Tomb:3   | Killed a royal mummy
158866 | Tomb:3   | Killed a royal mummy
158868 | Tomb:3   | Killed a royal mummy
158872 | Tomb:3   | Noticed a royal mummy
158920 | Tomb:3   | Got a golden rune of Zot
158929 | Tomb:3   | Killed a royal mummy
159002 | Tomb:3   | Identified the +1 flail of Forced Transition {freeze, *Rage
                  | rCorr Int+5}
159004 | Tomb:3   | Identified the ring "Ymnob" {rPois Will- MP+9 Dex+5 Slay+4}
159006 | Tomb:3   | Identified the ring "Diecufyt" {Contam rPois Int+6 Dex+6
                  | SInv}
159018 | Tomb:3   | Identified the ring "Towk" {rPois Stlth+}
159044 | Tomb:3   | Noticed a royal mummy
159045 | Tomb:3   | Noticed a royal mummy
159076 | Tomb:3   | Killed a royal mummy
159192 | Tomb:1   | Noticed a royal mummy
159192 | Tomb:1   | Noticed a royal mummy
159197 | Tomb:1   | Noticed a royal mummy
159201 | Tomb:1   | Killed a royal mummy
159202 | Tomb:1   | Noticed a royal mummy
159213 | Tomb:1   | Killed a royal mummy
159726 | Zot:5    | Entered Level 5 of the Realm of Zot
159785 | Zot:5    | Noticed an orb of fire
159788 | Zot:5    | Noticed an ancient lich
159788 | Zot:5    | Noticed a dread lich
159788 | Zot:5    | Noticed an orb of fire
159790 | Zot:5    | Killed a dread lich
159798 | Zot:5    | Noticed an orb of fire
159800 | Zot:5    | Reached skill level 10 in Summonings
159806 | Zot:5    | Killed an orb of fire
159808 | Zot:5    | Noticed a dread lich
159809 | Zot:5    | Noticed a dread lich
159813 | Zot:5    | Noticed a dread lich
159814 | Zot:5    | Killed a dread lich
159814 | Zot:5    | Killed a dread lich
159815 | Zot:5    | Noticed an ancient lich
159819 | Zot:5    | Killed a dread lich
159819 | Zot:5    | Killed an ancient lich
159819 | Zot:5    | Noticed a dread lich
159821 | Zot:5    | Got the Orb of Zot
159822 | Zot:5    | Killed a dread lich
160034 | Depths:3 | Noticed Gixiot the pandemonium lord
160183 | D:11     | Noticed Nyidait the pandemonium lord
160214 | D:10     | Noticed a seraph
160465 | D:$      | Escaped with the Orb!

Illustrated notes

Levels and vault maps discovered:
D:1:      saegor_arrival_simple_a, layout_basic,
          hellmonk_ecumenical_altar_run_dry
D:2:      layout_loops_corners, basic_altar
D:3:      layout_basic, nicolae_gozag_cash_rules_everything_around_me,
          minmay_overflow_temple_star_quad, serial_bayou_pond_c,
          kennysheep_generic_room_14
D:4:      layout_loops_cross, pf_just_have_faith, portal_sewer_entry_d,
          biasface_ghost_orc_armoury
D:5:      layout_basic, general_overflow_altar, temple_doors_e,
          minmay_misc_feat_nine_boxes
D:6:      layout_rooms, trog_butcher_becter, uniq_duvessa
D:7:      layout_loops_ring, mainiacjoe_overflow_two_lobes, minmay_manual_mail
D:8:      layout_basic, makhleb_blood_cavern_becter, special_room
          [special_room_orc], chequers_serial_rivers_micro_e
D:9:      layout_irregular_city, mainiacjoe_overflow_six_doors_small,
          orc_david_3
D:10:     layout_loops_cross, nemelex_xobeh_ov_fountains_minmay,
          nicolae_tso_swordbearing_angel, gammafunk_ghost_berserking_beasts
D:11:     layout_roguey, minmay_lair_entry_grove
D:12:     layout_gridville, uniq_nergalle, uniq_rupert
D:13:     layout_roguey, enter_trove_1, lemuel_blue_sif_altar
D:14:     layout_roguey, skrybe_vaults_entry_preservation, serial_park_tiny_2
D:15:     grunt_enter_depths_hoard, layout_basic, serial_glass, glass_columns_b,
          glass_columns_b, serial_park_tiny_1, gauntlet_entry_generic
Lair:1:   layout_roguey, basic_altar, lemuel_fruit_tree,
          minmay_lair_oklob_chamber, infiniplex_staircase_pool_2,
          grunt_megastairs_1, uniq_fannar
Lair:2:   layout_roguey, swamp_mist_pool, spider_nest_entry_funnel_web,
          small_statue_intersection, serial_bayou_lagoon_a,
          chequers_serial_rivers_micro_b
Lair:3:   layout_cave_pods, basic_altar, beast_lair_carwin_11,
          grunt_megastairs_2
Lair:4:   layout_regular_city
Lair:5:   layout_long_grid, slime_altar_1, tgw_fedhas, uniq_kirke
Lair:6:   evil_forest, layout_big_grid, lookout_lair_type
Swamp:1:  layout_falls_marsh, nicolae_swamp_tree_designs
Swamp:2:  layout_basic_swamp, evilmike_swamp_ruin_house_2
Swamp:3:  layout_basic_swamp, evilmike_swamp_ruin_house_4,
          infiniplex_staircase_pool
Swamp:4:  swamp, layout_basic_swamp
Spider:1: layout_spider_delve, nicolae_spider_webs_and_nodes, uniq_frances
Spider:2: layout_spider_delve, drop_trap, nicolae_spider_spiderdrome
Spider:3: layout_chambers, nicolae_spider_orb_run
Spider:4: grunt_spider_rune_parallel
Slime:1:  layout_caves
Slime:2:  cheibrodos_slime_lost_civilization_8, layout_caves
Slime:3:  layout_caves
Slime:4:  layout_caves
Slime:5
Orc:1:    layout_diamond_mine, basic_altar, uniq_urug
Orc:2:    st_orc_open, layout_diamond_mine, serial_shops, shop,
          bh_open_orc_temple, uniq_maurice, uniq_jorgrun
Elf:1:    layout_gridlike, portal_ice_cave_entry_pillars_three,
          minmay_elf_annihilation, lemuel_upstairs_altar, uniq_aizul
Elf:2:    nicolae_elf_blades_splatter_lattice [mumra_blade_entry_bloodbath],
          layout_geoelf_diagonals, minivault_28, minmay_shoptagon
Elf:3:    minmay_elf_hall_hex, layout_loops_cross, serial_shops, shop,
          grunt_ministairs_4, guppyfry_elf_altar
Vaults:1: v_rooms_3, grunt_vaults_hallway_short,
          hangedman_vaults_stretched_pinwheel, vaults_room_corners,
          nicolae_vaults_shelves_hall, vaults_room_grid, ontoclasm_vaults_spin,
          nicolae_vaults_specimen_jars, ontoclasm_vaults_idyll,
          vaults_room_grunt_arrival_ludios,
          vaults_room_grunt_arrival_checkpoint, layout_vaults_omnigrid
Vaults:2: vaults_dpeg_encased_lava, minmay_crypt_entry_vampire_xt,
          ontoclasm_vaults_ring_square, v_rooms_6, gammafunk_sealed_arena,
          vaults_mumra_minichess_inversion, nicolae_vaults_mini_display_case,
          grunt_vaults_diagonal, ontoclasm_vaults_twist, vaults_room_grid,
          nicolae_vaults_little_ls, nicolae_vaults_alarming,
          grunt_vaults_funnel, layout_vaults_ring, uniq_donald, uniq_margery
Vaults:3: dpeg_vaults_monster_box, vaults_dpeg_doors, v_misc_10,
          st_greater_box_2, nicolae_vaults_network_s,
          ontoclasm_vaults_loading_screen,
          vaults_standard_mumra_enter_the_diamond,
          nicolae_vaults_little_squares_6, v_misc_27, v_misc_15,
          vaults_room_door_ring, v_misc_18, vaults_room_stairs_pillars,
          nicolae_vaults_gold_heap, layout_vaults_omnicross
Vaults:4: v_pattern_2, nicolae_vaults_yaktaur_gun_rack,
          nicolae_vaults_network_barrier, v_misc_29, hangedman_vaults_locks,
          v_rooms_1, grunt_tower_of_power, nicolae_vaults_ring_of_whatevers,
          vaults_room_ringed_pool, nicolae_vaults_little_squares_5,
          ontoclasm_vaults_ring_small, v_misc_17, v_misc_22,
          nicolae_vaults_angled_halls, layout_vaults_omnibox, uniq_xtahua,
          uniq_boris
Vaults:5: serial_shops
Crypt:1:  layout_regular_city, basic_altar, grunt_crypt_arrival_split
Crypt:2:  layout_chaotic_city, uniq_sojobo
Crypt:3:  david_glass_crypt, layout_rooms
Tomb:1
Tomb:2
Tomb:3
Depths:1: layout_cross, hellmouth_3, minmay_tree_intersection,
          unseen_surprise_small, uniq_asterion
Depths:2: gammafunk_its_a_trap, layout_basic, grunt_mini_vestibule,
          infiniplex_staircase_pillars_2
Depths:3: minmay_expanding_circles, layout_cave_pools, hell_entry,
          rand_demon_pan_entry_7, elyvilon_altar_1, kennysheep_slug_shrine
Depths:4: nicolae_legendary_halls, layout_cave_pools, enter_ziggurat_e,
          minmay_staircase_windowed_small, grunt_hell_entry_dis_old,
          hangedman_abyss_entry_splay
Depths:5: grunt_zot_entry_bicorn, layout_gridville, serial_shops,
          nicolae_shop_overgrown_old_shop, minmay_room_of_horrors, hell_entry,
          chequers_serial_rivers_small_a, nicolae_vehumet_altar_sigil
Hell
Dis:1:    layout_jigsaw, nicolae_dis_strange_trophy_room
Dis:2:    layout_regular_city
Dis:3:    layout_gridville
Dis:4:    layout_regular_city, not_door_vault_due
Dis:5:    layout_jigsaw
Dis:6:    layout_jigsaw
Dis:7:    dis_hangedman
Geh:1:    layout_gehenna_pools_basic, grunt_megastairs_4
Geh:2:    layout_gehenna_lava_caves
Geh:3:    layout_gehenna_pools_box, grunt_megastairs_3
Geh:4:    layout_gehenna_pools_box
Geh:5:    layout_gehenna_pools_box
Geh:6:    layout_gehenna_lava_caves
Geh:7:    geh_grunt_pentagon
Coc:1:    layout_cocytus_water_paths
Coc:2:    layout_ice_bergs
Coc:3:    layout_ice_bergs
Coc:4:    grunt_deathspiral_small, layout_cocytus_delve
Coc:5:    layout_ice_bergs
Coc:6:    layout_cocytus_delve, ice2_lemuel
Coc:7:    coc_dpeg
Tar:1:    layout_grid_maze, nicolae_tar_cuneiform_bird
Tar:2:    layout_grid_maze
Tar:3:    layout_grid_maze
Tar:4:    layout_grid_maze, nicolae_tar_cuneiform_sun
Tar:5:    layout_grid_maze, hangedman_tartarus_temple_path
Tar:6:    layout_grid_maze, nicolae_tar_cuneiform_city, grunt_megastairs_5
Tar:7:    tar_grunt_cathedral
Zot:1:    hangedman_orp_of_zott, layout_onion, st_single_dragon_hoard_1,
          skrybe_zot_glass_2
Zot:2:    gammafunk_dig_for_victory, layout_concentric_octagons, uniq_tiamat
Zot:3:    layout_basic
Zot:4:    layout_misc_corridors
Zot:5:    layout_cathedral_of_symmetry

Skill      XL: |  1  2  3  4  5  6  7  8  9 10 11 12 13 14 15 16 17 18 19 20 21 22 23 24 25 26 27 |
---------------+----------------------------------------------------------------------------------+-----
Conjurations   | 2 3 4 5 6 7 9 10 11 12 13 14 15 16 17 18 19 20 21 22 27 | 27.0
Spellcasting   | 3 4 6 7 8 9 10 11 12 13 14 15 16 17 18 27 | 27.0
Fire Magic     | 4 5 7 8 9 10 11 12 13 14 15 16 17 18 20 21 22 23 27 | 27.0
Fighting       | 1 3 4 5 6 8 9 10 11 12 13 14 15 27 | 27.0
Stealth        | 3 5 6 25 | 25.7
Earth Magic    | 2 5 7 9 10 11 12 13 15 27 | 27.0
Shields        | 2 4 6 9 11 27 | 27.0
Dodging        | 4 5 6 27 | 27.0
Throwing       | 1 27 | 27.0
Transmutations | 27 | 27.0
Ice Magic      | 14 | 14.9
Necromancy     | 27 | 27.0
Staves         | 25 | 25.3
Evocations     | 27 | 27.0
Axes           | 25 | 25.3
Summonings     | 12 | 12.2
Air Magic      | 8 |  8.9

Action                   |  1- 3 |  4- 6 |  7- 9 | 10-12 | 13-15 | 16-18 | 19-21 | 22-24 | 25-27 || total
-------------------------+-------+-------+-------+-------+-------+-------+-------+-------+-------++-------
Melee: Dagger            |     2 |    13 |    44 |    28 |     4 |       |       |       |       ||    91
       Constrict         |       |     6 |    16 |     7 |    11 |    10 |       |       |   249 ||   299
       Tentacles         |       |     4 |    13 |     6 |    10 |     7 |       |       |   524 ||   564
       Spear             |       |       |    39 |     4 |     8 |    33 |     3 |       |       ||    87
       Staff             |       |       |    10 |    13 |    17 |       |       |       |  1553 ||  1593
       Broad axe         |       |       |       |       |       |       |       |       |     2 ||     2
Throw: Dart              |       |       |       |    15 |    19 |    11 |    12 |       |     1 ||    58
       Javelin           |       |       |       |       |       |       |       |       |     8 ||     8
 Cast: Foxfire           |    59 |   130 |   224 |   103 |    21 |    49 |    14 |       |    14 ||   614
       Conjure Flame     |       |     2 |    16 |     5 |     4 |     3 |     1 |       |     1 ||    32
       Blink             |       |       |     8 |     8 |    13 |    19 |    20 |     8 |   183 ||   259
       Fireball          |       |       |     4 |   138 |   173 |   333 |   149 |    98 |    53 ||   948
       Mephitic Cloud    |       |       |     4 |     5 |     5 |       |     2 |       |       ||    16
       Sticky Flame      |       |       |     4 |    16 |    24 |    29 |     3 |     2 |       ||    78
       Bolt of Magma     |       |       |       |    19 |   195 |   292 |   375 |   100 |   833 ||  1814
       Ignite Poison     |       |       |       |       |     3 |       |       |       |       ||     3
       Starburst         |       |       |       |       |       |     4 |     3 |       |       ||     7
       Borgnjor's Vile C |       |       |       |       |       |       |    59 |     6 |   108 ||   173
       Ignition          |       |       |       |       |       |       |    66 |    57 |   149 ||   272
       Orb of Destructio |       |       |       |       |       |       |    10 |   124 |   146 ||   280
       Iron Shot         |       |       |       |       |       |       |       |       |  1254 ||  1254
       Fire Storm        |       |       |       |       |       |       |       |       |   837 ||   837
       Necromutation     |       |       |       |       |       |       |       |       |   338 ||   338
       Lehudib's Crystal |       |       |       |       |       |       |       |       |   316 ||   316
       Shatter           |       |       |       |       |       |       |       |       |   199 ||   199
       Statue Form       |       |       |       |       |       |       |       |       |   143 ||   143
       Lee's Rapid Decon |       |       |       |       |       |       |       |       |    22 ||    22
       Ozocubu's Armour  |       |       |       |       |       |       |       |       |    13 ||    13
       Infestation       |       |       |       |       |       |       |       |       |     7 ||     7
       Summon Lightning  |       |       |       |       |       |       |       |       |     1 ||     1
Invok: Call Merchant     |       |       |       |     1 |     2 |     2 |     1 |       |     5 ||    11
       Potion Petition   |       |       |       |       |       |       |       |       |   162 ||   162
       Bribe Branch      |       |       |       |       |       |       |       |       |     8 ||     8
 Abil: End Transformatio |       |       |       |       |       |       |       |       |     8 ||     8
Evoke: Wand              |       |       |     8 |    10 |     4 |    22 |     2 |       |    11 ||    57
       Phial of floods   |       |       |       |       |       |     2 |     1 |       |       ||     3
       Box of beasts     |       |       |       |       |       |       |       |       |     4 ||     4
       Phantom mirror    |       |       |       |       |       |       |       |       |     3 ||     3
       Figurine of a zig |       |       |       |       |       |       |       |       |     2 ||     2
       Lightning rod     |       |       |       |       |       |       |       |       |     1 ||     1
  Use: Scroll            |       |       |    11 |     4 |     7 |    15 |    13 |     6 |    84 ||   140
       Potion            |       |       |     1 |     1 |     2 |    11 |    13 |     3 |    60 ||    91
 Stab: Confused          |       |       |     1 |       |     1 |       |       |       |       ||     2
       Sleeping          |       |       |       |     1 |       |       |       |       |    10 ||    11
       Distracted        |       |       |       |     2 |       |       |       |       |    31 ||    33
       Invisible         |       |       |       |       |       |       |       |       |     5 ||     5
Armor: Skin              |     1 |       |     3 |     2 |       |     3 |       |       |   246 ||   255
Dodge: Dodged            |     9 |     9 |    50 |    70 |    87 |   114 |    64 |    34 |  1053 ||  1490
Block: Buckler           |       |       |       |       |       |    35 |    24 |     9 |    19 ||    87
       Kite shield       |       |       |       |       |       |       |       |       |  1253 ||  1253
       Tower shield      |       |       |       |       |       |       |       |       |    67 ||    67
